 Dungeon Crawl Stone Soup version 0.30.0-20-g3615ddf2f0 (webtiles) character file.

Game seed: 3599930232726950674

562863 qw the Conqueror (level 26, 0/193 HPs)
             Began as a Gargoyle Fighter on May 31, 2023.
             Was an Elder of Okawaru.
             Splashed by an acid blob's acid (2 damage)
             ... on level 5 of the Pits of Slime.
             The game lasted 00:35:13 (59798 turns).

qw the Conqueror (Gargoyle Fighter)                Turns: 59798, Time: 00:35:13

Health: 0/193      AC: 44    Str: 30    XL:     26   Next: 70%
Magic:  31/31      EV: 30    Int: 11    God:    Okawaru [****..]
Gold:   4257       SH: 32    Dex: 15    Spells: 25/25 levels left

rFire   . . .        h - +9 war axe (spect)
rCold   . . .        F - +2 tower shield {AC+3}
rNeg    + . .        y - +0 acid dragon scales
rPois   inf          P - +2 helmet
rElec   +            v - +1 cloak of Starlight {*Dazzle EV+4 Stlth--}
rCorr   +            A - +0 pair of gloves of the Vestibule of Hell {rPois Will- Dex+6}
SInv    .            l - +2 pair of boots
Will    .....        o - amulet of reflection
Stlth   +            C - +5 ring of evasion
HPRegen 0.52/turn    u - +4 ring of slaying {mikee}
MPRegen 0.22/turn

%: reflection
@: heroic, corroded, flying
A: sickness immunity, AC +20, big wings, negative energy resistance 1,
electricity resistance, torment resistance 1, petrification resistance,
iridescent scales 1, subdued magic 1, sturdy frame 1
}: 3/15 runes: decaying, silver, gossamer
a: Renounce Religion, Heroism, Finesse


You were on level 5 of the Pits of Slime.
You worshipped Okawaru.
Okawaru was greatly pleased with you.
You visited 9 branches of the dungeon, and saw 48 of its levels.
You also visited: Gauntlet.

You collected 7059 gold pieces.
You spent 2802 gold pieces at shops.


Innate Abilities, Weirdness & Mutations

You are immune to sickness and miasma.
Your stone body is resilient. (AC +20)
You are immune to poison.
Your large and strong wings let you fly.
You resist negative energy. (rN+)
You are resistant to electric shocks. (rElec)
You are resistant to unholy torment.
You are immune to petrification.
You are partially covered in iridescent scales. (AC +2)
Your spells are a little easier to cast, but a little less powerful.
Your movements are slightly less encumbered by armour. (ER -2)


   Skills:
 O Level 27 Fighting
 - Level 16.0(21.0) Axes
 - Level 15.2(20.2) Throwing
 - Level 22.0(27) Armour
 + Level 12.4(17.4) Dodging
 - Level 22.0(27) Shields
 - Level 11.6 Invocations


You had 25 spell levels left.
You didn't know any spells.
Your spell library was empty.

Inventory:

Hand Weapons
 h - a +9 spectral war axe (weapon)
Armour
 l - a +2 pair of boots (worn)
 t - the +0 mask of the Dragon {Will+ Slay+3 SInv}
   (You acquired it on level 6 of the Dungeon)

   Slay:      It affects your accuracy & damage with ranged weapons and melee
   (+3).
   SInv:      It lets you see invisible.
   Will:      It increases your willpower.
 v - the +1 cloak of Starlight (worn) {*Dazzle EV+4 Stlth--}
   (Okawaru gifted it to you on level 15 of the Dungeon)

   *Dazzle:   It may blind those who miss an attack against the wearer in melee
   combat.
   EV:        It affects your evasion (+4).
   Stlth:     It makes you much less stealthy.
 y - +0 acid dragon scales (worn)
 A - the +0 pair of gloves of the Vestibule of Hell (worn) {rPois Will- Dex+6}
   (You found it in a Gauntlet)

   Dex:       It affects your dexterity (+6).
   rPois:     It protects you from poison.
   Will:      It decreases your willpower.
 F - a +2 tower shield of protection (worn)
 M - the +1 hat "Faxoiplak" {rF- rN++ Dex+3 SInv}
   (You acquired it on level 1 of the Depths)

   Dex:       It affects your dexterity (+3).
   rF:        It makes you vulnerable to fire.
   rN:        It greatly protects you from negative energy.
   SInv:      It lets you see invisible.
 N - a scarf of resistance
 P - a +2 helmet (worn)
 Q - the +2 pair of gloves of Yredelemnul's Reproof {Int+7}
   (You found it on level 4 of the Depths)

   Int:       It affects your intelligence (+7).
 V - +8 gold dragon scales
Jewellery
 c - a ring of resist corrosion
 i - the amulet of the Four Winds {rN+ Will+++ Clar}
   (You took it off a frost giant on level 3 of the Depths)

   [amulet of nothing]

   rN:        It protects you from negative energy.
   Clar:      It protects you from confusion, rage, mesmerisation and fear.
   Will:      It greatly increases your willpower.
 m - a ring of ice
 o - an amulet of reflection (around neck)
 q - the ring "Azxet" {rPois rC+ Will++ rCorr Dex-4}
   (You took it off a white draconian on level 4 of the Depths)

   [ring of protection from cold]

   Dex:       It affects your dexterity (-4).
   rC:        It protects you from cold.
   rPois:     It protects you from poison.
   rCorr:     It protects you from acid and corrosion.
   Will:      It greatly increases your willpower.
 u - a +4 ring of slaying (right hand) {mikee}
 C - a +5 ring of evasion (left hand)
 H - a ring of protection from fire
 L - a ring of resist corrosion
 T - a ring of protection from fire
Wands
 a - a wand of digging (35)
Scrolls
 p - 15 scrolls of identify
 x - 3 scrolls of brand weapon
 G - 5 scrolls of enchant weapon
Potions
 b - a potion of cancellation
 d - 6 potions of might
 e - 7 potions of lignification
 f - 8 potions of haste
 j - 11 potions of attraction
 n - 10 potions of mutation
 r - 29 potions of curing
 B - 2 potions of resistance
 J - 4 potions of magic

Dungeon Overview and Level Annotations

Branches:
Dungeon (15/15)            Temple (0/1) D:4            Lair (5/5) D:10
  Swamp (4/4) Lair:2       Spider (4/4) Lair:3        Slime (5/5) Lair:5
    Orc (2/2) D:9             Elf (0/3) Orc:2        Vaults (5/5) D:13
  Crypt (0/3) Vaults:2     Depths (4/4) D:15            Zot (4/5) Depths:4
Gauntlet (visited)

Altars:
Cheibriados
Fedhas
Kikubaaqudgha
Nemelex Xobeh
Okawaru
Qazlal
Ru
Vehumet
Xom
Yredelemnul
Jiyva

Shops:
D:3 *[!   D:7 !   D:11 (   Orc:1 *   Orc:2 (([[   Vaults:1 !   Vaults:3 (

Portals:
Hell: Depths:1 Depths:2 Depths:3 Depths:4
Abyss: Depths:2 Depths:3 Depths:4
Pandemonium: Depths:2
Ziggurat: Depths:2

Annotations:
D:1 1 transporter
Zot:3 2 runed translucent doors, qw's ghost, veteran GrFi


Message History

Your +9 spectral war axe is burned by acid!
Your spectral weapon shares its damage with you!
The great orb of eyes gazes at you.
You suddenly lose the ability to move!
Your +9 spectral war axe disappears.
The acid blob hits you but does no damage.
A slime creature comes into view.
The acid blob hits you but does no damage.
A slime creature comes into view.
The acid blob spits acid at you.
The splash of acid hits you but does no damage.
The acid corrodes you!
The acid blob hits you but does no damage.
The acid blob spits acid at you.
The splash of acid hits you but does no damage.
The great orb of eyes bites you!
The acid blob hits you but does no damage.
A slime creature comes into view.
The acid blob spits acid at you.
The splash of acid hits you but does no damage.
The great orb of eyes gazes at you. You resist with significant effort.
You can move again.
You slice the acid blob!! The acid corrodes you!
Your hands burn!
The acid blob is moderately wounded.
You slash the great orb of eyes!
Your +9 spectral war axe hits the acid blob!
Your +9 spectral war axe is burned by acid!
Your spectral weapon shares its damage with you!
Your +9 spectral war axe hits the great orb of eyes!
Your +9 spectral war axe hits the great orb of eyes.
Your +9 spectral war axe hits the acid blob!!
Your +9 spectral war axe is burned by acid!
Your spectral weapon shares its damage with you!
The acid blob spits acid at you.
The splash of acid hits you but does no damage.
The great orb of eyes gazes at you.
You barely resist. You slash the acid blob!
Your hands burn!
You die...

#................
#...............
##..........J....
#................
#.........J......
#...........J....
#.........J.......
..................
.........(@........#
.........GJ........#
...................#
...................###
....................
.................#
................#
................#
......J.G..#


You could see 2 acid blobs, a great orb of eyes, 3 slime creatures and a
friendly +9 spectral war axe.

Vanquished Creatures
  the Royal Jelly (Slime:5)
  An orb of fire (Zot:1)
  A juggernaut (Depths:3)
  Sojobo (Vaults:4)
  Bai Suzhen (Vaults:2)
  2 shard shrikes (Zot:4)
  11 golden dragons
  2 caustic shrikes (Depths:3)
  Jory (Vaults:2)
  Nikola (Swamp:1)
  Arachne (Spider:4)
  2 electric golems
  19 tentacled monstrosities
  6 liches
  Zenata (Vaults:4)
  A walking divine tome (Zot:4)
  3 deep elf master archers (Depths:2)
  2 walking frostbound tomes (Depths:3)
  Mlioglotl (Swamp:1)
  4 titans (Vaults:5)
  9 quicksilver dragons
  11 acid blobs
  3 thorn hunters (Swamp:4)
  7 death cobs
  18 storm dragons
  Frances (D:13)
  Kirke (Swamp:2)
  4 shadow dragons
  6 sphinxes
  8 tengu reavers
  A fenstrider witch (Swamp:3)
  2 narguns (Zot:4)
  18 vault wardens
  6 fire giants
  5 draconian knights
  6 draconian monks
  4 rockslimes
  3 iron dragons
  9 azure jellies
  4 emperor scorpions
  A deep elf sorcerer (Vaults:5)
  A caustic shrike zombie (Depths:1)
  An iron dragon (shapeshifter) (Vaults:5)
  21 frost giants
  6 ghost moths
  Aizul (Swamp:1)
  A juggernaut zombie (Depths:1)
  Louise (Spider:4)
  6 draconian scorchers
  4 spriggan defenders (Depths:3)
  17 ironbound preservers
  12 quicksilver oozes
  35 very ugly things
  2 broodmothers
  3 war gargoyles (Vaults:5)
  5 draconian shifters
  6 draconian stormcallers
  6 draconian annihilators
  16 stone giants
  3 vampire knights
  A caustic shrike skeleton (Depths:3)
  3 ironbound thunderhulks
  An eleionoma (Swamp:2)
  2 deep elf annihilators (Vaults:5)
  2 deep elf demonologists
  17 dire elephants
  7 green draconians
  20 purple draconians
  A minotaur (Gauntlet)
  23 red draconians
  9 spark wasps
  13 white draconians
  17 black draconians
  6 yellow draconians
  13 ettins
  2 deep elf death magi
  37 vault guards
  A merfolk impaler (Depths:1)
  Josephine (D:10)
  3 jiangshi (Depths:4)
  2 deep elf high priests
  5 entropy weavers
  18 yaktaur captains
  2 shambling mangroves (Swamp:4)
  7 fire dragons
  9 great orbs of eyes
  13 ice dragons
  5 radroaches
  3 spriggan air magi
  A peacekeeper (Vaults:4)
  3 ghost crabs
  2 rakshasas
  5 ogre magi
  7 ironbound frosthearts
  13 hydras
  19 two-headed ogres
  A jorogumo (Spider:4)
  5 dancing weapons
  13 centaur warriors
  11 alligators
  14 boulder beetles
  6 deep troll earth magi
  14 death yaks
  6 deep troll shamans
  3 vampire magi
  7 tengu warriors
  3 spriggan berserkers
  Urug (Lair:4)
  17 hell knights
  2 spriggans (Swamp:3)
  4 sixfirhies (Gauntlet)
  6 pharaoh ants
  Lodul (D:13)
  10 skeletal warriors
  8 goliath frogs
  7 iron trolls
  A death drake (shapeshifter) (Vaults:4)
  A death drake (Depths:4)
  2 sun moths
  A swamp dragon (shapeshifter) (Depths:3)
  4 spriggan druids
  64 deep trolls
  2 spectral hydras (Swamp:4)
  6 bog bodies
  3 glowing orange brains
  A flayed ghost (Depths:3)
  13 orb spiders
  6 wizards
  6 swamp dragons
  A deep elf pyromancer (D:14)
  2 deep elf archers (Depths:2)
  13 necromancers
  9 phantasmal warriors
  2 steelbarb worms
  20 ironbound convokers
  5 spectral wolf spiders (Spider:1)
  3 orc knights
  16 lindwurms
  A wolf spider zombie (Spider:1)
  3 oklob plants (Swamp:4)
  A shining eye (Slime:4)
  A will-o-the-wisp (Swamp:2)
  A shadow dragon skeleton (Depths:3)
  6 cyclopes
  29 ugly things
  A frost giant zombie (Depths:1)
  22 vault sentinels
  24 moths of wrath
  22 elephants
  22 wolf spiders
  4 manticores
  13 demonic crawlers
  7 black mambas
  An eye of devastation (Slime:5)
  Maurice (D:10)
  6 torpor snails
  17 cane toads
  Psyche (D:8)
  Maggie (D:9)
  A minotaur zombie (Gauntlet)
  11 rime drakes
  2 efreet
  4 freezing wraiths
  7 komodo dragons
  42 yaktaurs
  9 meliai
  6 hydra zombies (Swamp:4)
  A queen bee (D:15)
  10 polar bears
  6 wolf spider simulacra (Spider:1)
  Prince Ribbit (D:5)
  5 hornets
  12 trolls
  A death drake zombie (Swamp:4)
  12 tyrant leeches
  4 raiju (Lair:5)
  20 tarantellas
  14 blink frogs
  A hydra skeleton (Swamp:4)
  An iron dragon simulacrum (Depths:3)
  A centaur simulacrum (D:15)
  5 water elementals (Depths:1)
  16 culicivoras
  104 slime creatures
  A culicivora (shapeshifter) (Depths:3)
  43 jumping spiders
  3 shadows
  10 wyverns
  20 fire elementals (Zot:3)
  6 wraiths
  48 yaks
  9 basilisks
  3 vampires (Vaults:2)
  A human (Swamp:2)
  A redback (shapeshifter) (D:14)
  55 redbacks
  10 vampire mosquitoes
  3 hogs (Swamp:2)
  Grum (D:9)
  3 steam dragons
  Menkaure (D:4)
  7 wargs
  19 swamp worms
  11 water moccasins
  2 acid dragons
  Duvessa (D:4)
  2 floating eyes (shapeshifter) (Vaults:5)
  4 hydra simulacra (Swamp:4)
  10 swamp drakes
  14 hell hounds
  A floating eye (Slime:2)
  17 orc warriors
  2 ice beasts
  33 ogres
  A swamp dragon zombie (Swamp:4)
  11 black bears (Lair:5)
  14 centaurs
  8 boggarts
  A swamp dragon skeleton (Swamp:4)
  31 wolves
  3 phantoms
  4 kobold brigands
  19 bullfrogs
  3 scorpions
  17 wights
  Dowan (D:4)
  21 killer bees
  3 electric eels
  11 howler monkeys
  2 hounds (D:5)
  A gnoll bouda (D:8)
  12 orc priests
  6 jellies
  2 sleepcaps (D:6)
  Terence (D:2)
  5 hell rats (Lair:3)
  20 orc wizards
  Natasha (thrice) (D:4)
  5 gnolls
  3 adders
  A shadow imp (D:8)
  A white imp (Spider:2)
  2 ufetubi (D:6)
  5 worms
  2 dart slugs (D:2)
  56 orcs
  6 ball pythons
  6 bats
  6 endoplasms
  5 giant cockroaches
  6 hobgoblins
  2 jackals (D:2)
  11 kobolds
  A quokka (D:3)
  A frilled lizard (D:2)
  3 goblins (D:2)
  4 rats
2096 creatures vanquished.

Vanquished Creatures (others)
  A golden dragon (Zot:4)
  A draconian knight (Zot:1)
  A draconian scorcher (Zot:3)
  A dire elephant (Vaults:2)
  A yellow draconian (Zot:3)
  A fire dragon (Depths:4)
  A spriggan druid (Swamp:4)
  A will-o-the-wisp (Swamp:4)
  3 bloated husks
  A fire elemental (Zot:3)
  3 foxfires (Swamp:4)
  116 spectral weapons
131 creatures vanquished.

Grand Total: 2227 creatures vanquished

Notes
Turn   | Place    | Note
-------+----------+-------------------------------------------
     0 | D:1      | qw the Gargoyle Fighter began the quest for the Orb.
     0 | D:1      | Reached XP level 1. HP: 14/14 MP: 1/1
     0 | D:1      | 0 ||| qw: Version: 0.2-a-102-gfc559e5
     0 | D:1      | 0 ||| qw: Game counter: 588
     0 | D:1      | 0 ||| qw: Always use a shield: true
     0 | D:1      | 0 ||| qw: God list: Okawaru
     0 | D:1      | 0 ||| qw: Allow faded altars: false
     0 | D:1      | 0 ||| qw: Do Orc after D:15 true
     0 | D:1      | 0 ||| qw: Do second Lair branch before Depths: true
     0 | D:1      | 0 ||| qw: Lair rune preference: random
     0 | D:1      | 0 ||| qw: Plans: Normal, Zot:1-4, Slime:5, God:TSO, Crypt,
                  | Tomb, Pan, Hells, Abyss, Win
     0 | D:1      | 0 ||| PLANNING D:1-11
   127 | D:1      | Reached XP level 2. HP: 19/19 MP: 2/2
   557 | D:1      | Reached skill level 3 in Axes
   557 | D:1      | Reached XP level 3. HP: 19/23 MP: 3/3
   668 | D:1      | 668 ||| READING scroll labelled UBUFEXOEFU.
   669 | D:1      | 669 ||| READING 4 scrolls labelled JYPELE TUFF.
   670 | D:1      | 670 ||| READING 3 scrolls of enchant weapon.
   670 | D:1      | 670 ||| ENCHANTING +1 heavy war axe.
   671 | D:1      | 671 ||| READING 2 scrolls of enchant weapon.
   671 | D:1      | 671 ||| ENCHANTING +2 heavy war axe.
   672 | D:1      | 672 ||| READING scroll of enchant weapon.
   672 | D:1      | 672 ||| ENCHANTING +3 heavy war axe.
   815 | D:2      | Noticed Terence
   817 | D:2      | 817 ||| Stepping ~*~*~tactically~*~*~ (stealth).
   820 | D:2      | Killed Terence
   831 | D:2      | Reached XP level 4. HP: 22/28 MP: 4/4
   910 | D:2      | 910 ||| Stepping ~*~*~tactically~*~*~ (hiding).
   911 | D:2      | 911 ||| Stepping ~*~*~tactically~*~*~ (hiding).
   939 | D:2      | 939 ||| Stepping ~*~*~tactically~*~*~ (stealth).
   981 | D:2      | 981 ||| DROPPING +0 whip.
  1010 | D:2      | 1010 ||| Stepping ~*~*~tactically~*~*~ (stealth).
  1433 | D:2      | 1433 ||| UPGRADING to +2 chain mail of fire resistance.
  1443 | D:2      | 1443 ||| DROPPING +0 scale mail.
  1444 | D:2      | 1444 ||| UPGRADING to +0 pair of boots.
  1449 | D:2      | 1449 ||| READING scroll labelled CECSAI HURI.
  1450 | D:2      | 1450 ||| DRINKING 2 golden potions.
  1569 | D:3      | Found an iron altar of Okawaru.
  1570 | D:3      | 1570 ||| PLANNING OKAWARU WORSHIP
  1570 | D:3      | 1570 ||| Stepping ~*~*~tactically~*~*~ (hiding).
  1715 | D:3      | 1715 ||| READING scroll labelled IFUOHE POTO.
  1742 | D:3      | Became a worshipper of Warmaster Okawaru
  1742 | D:3      | 1742 ||| PLANNING D:1-11
  1751 | D:3      | Found Roitsaif's Distillery.
  1765 | D:3      | 1765 ||| BUYING potion of cancellation (96 gold).
  1765 | D:3      | Bought a potion of cancellation for 96 gold pieces
  1765 | D:3      | 1765 ||| SHOPLISTING potion of haste (120 gold, have 43).
  1765 | D:3      | 1765 ||| SHOPLISTING potion of heal wounds (60 gold, have
                  | 43).
  1765 | D:3      | 1765 ||| BUYING potion of lignification (36 gold).
  1765 | D:3      | Bought a potion of lignification for 36 gold pieces
  1765 | D:3      | 1765 ||| SHOPLISTING potion of resistance (120 gold, have
                  | 7).
  1771 | D:3      | Found Weleywai's Antique Armour Emporium.
  1775 | D:3      | 1775 ||| SHOPLISTING pair of gloves (108 gold, have 7).
  1775 | D:3      | 1775 ||| SHOPLISTING plate armour (552 gold, have 7).
  1775 | D:3      | 1775 ||| SHOPLISTING tower shield (108 gold, have 7).
  1824 | D:3      | Noticed a phantom
  1826 | D:3      | 1826 ||| Stepping ~*~*~tactically~*~*~ (stealth).
  1827 | D:3      | 1827 ||| Stepping ~*~*~tactically~*~*~ (stealth).
  1837 | D:3      | Killed a phantom
  1838 | D:3      | Reached XP level 5. HP: 23/32 MP: 5/5
  2161 | D:3      | Found Nigat's General Store.
  2170 | D:3      | 2170 ||| SHOPLISTING potion of attraction (42 gold, have
                  | 37).
  2266 | D:3      | 2266 ||| READING scroll labelled ONOPAIPASE.
  2267 | D:3      | 2267 ||| READING scroll labelled LISKAAFEEV.
  2268 | D:3      | 2268 ||| READING scroll labelled QAUKY MI QIY.
  2304 | D:4      | Noticed Natasha
  2307 | D:4      | Killed Natasha
  2336 | D:4      | Noticed Menkaure
  2343 | D:4      | Killed Menkaure
  2344 | D:4      | Reached skill level 5 in Fighting
  2344 | D:4      | Reached XP level 6. HP: 21/40 MP: 6/6
  2361 | D:4      | Noticed Natasha
  2362 | D:4      | 2362 ||| FLEEEEING.
  2470 | D:4      | 2470 ||| Stepping ~*~*~tactically~*~*~ (stealth).
  2479 | D:4      | Killed Natasha
  2510 | D:4      | Found a staircase to the Ecumenical Temple.
  2511 | D:4      | Noticed Natasha
  2512 | D:4      | 2512 ||| Stepping ~*~*~tactically~*~*~ (stealth).
  2514 | D:4      | 2514 ||| Stepping ~*~*~tactically~*~*~ (hiding).
  2523 | D:4      | Killed Natasha
  2523 | D:4      | Reached * piety under Okawaru
  2640 | D:4      | Noticed Duvessa
  2641 | D:4      | 2641 ||| Stepping ~*~*~tactically~*~*~ (stealth).
  2642 | D:4      | Noticed Dowan
  2643 | D:4      | 2643 ||| INVOKING Heroism.
  2648 | D:4      | Killed Duvessa
  2649 | D:4      | Reached skill level 6 in Axes
  2649 | D:4      | Reached XP level 7. HP: 44/44 MP: 4/7
  2679 | D:4      | 2679 ||| INVOKING Heroism.
  2681 | D:4      | Killed Dowan
  2682 | D:4      | Reached skill level 1 in Invocations
  2844 | D:4      | 2844 ||| UPGRADING to +0 tower shield.
  2854 | D:4      | 2854 ||| DROPPING +0 buckler.
  2855 | D:4      | 2855 ||| UPGRADING to +0 cloak.
  2860 | D:4      | 2860 ||| DROPPING amulet of guardian spirit.
  2861 | D:4      | 2861 ||| READING scroll labelled KOSOES WECRES.
  2861 | D:4      | Identified a scroll of acquirement
  2861 | D:4      | 2861 ||| ACQUIRING +1 plate armour of the Prince of
                  | Darkness {rElec rF+ Stlth-}
  2861 | D:4      | Acquired the +1 plate armour of the Prince of Darkness
                  | {rElec rF+ Stlth-}
  2863 | D:4      | 2863 ||| UPGRADING to +1 plate armour of the Prince of
                  | Darkness {rElec rF+ Stlth-}.
  2873 | D:4      | 2873 ||| DROPPING +2 chain mail of fire resistance.
  2874 | D:4      | 2874 ||| DROPPING +0 plate armour.
  2875 | D:4      | 2875 ||| READING scroll labelled BUOTUVV HIJAG.
  2876 | D:4      | 2876 ||| READING 2 scrolls labelled VAUMIOWOSEWU.
  2877 | D:4      | 2877 ||| DRINKING 2 smoky inky potions.
  2878 | D:4      | 2878 ||| DROPPING scroll of immolation.
  2897 | D:5      | Entered Level 5 of the Dungeon
  2915 | D:5      | Noticed Prince Ribbit
  2916 | D:5      | 2916 ||| INVOKING Heroism.
  2925 | D:5      | 2925 ||| INVOKING Heroism.
  2935 | D:5      | Killed Prince Ribbit
  2936 | D:5      | Reached skill level 3 in Invocations
  2936 | D:5      | Reached XP level 8. HP: 49/49 MP: 7/10
  3242 | D:5      | 3242 ||| INVOKING Heroism.
  3279 | D:5      | 3279 ||| Stepping ~*~*~tactically~*~*~ (stealth).
  3499 | D:5      | 3499 ||| READING scroll of enchant weapon.
  3499 | D:5      | 3499 ||| ENCHANTING +4 heavy war axe.
  3657 | D:5      | 3657 ||| UPGRADING to +1 helmet.
  3662 | D:5      | 3662 ||| DRINKING 2 glowing orange potions.
  3663 | D:5      | 3663 ||| READING 2 scrolls of identify.
  3663 | D:5      | 3663 ||| IDENTIFYING bubbling pink potion
  3664 | D:5      | 3664 ||| DROPPING potion of ambrosia.
  3709 | D:6      | Reached skill level 6 in Shields
  3758 | D:6      | 3758 ||| INVOKING Heroism.
  3795 | D:6      | 3795 ||| INVOKING Heroism.
  3799 | D:6      | 3799 ||| Stepping ~*~*~tactically~*~*~ (water).
  3808 | D:6      | 3808 ||| INVOKING Heroism.
  3983 | D:6      | 3983 ||| INVOKING Heroism.
  4031 | D:6      | 4031 ||| READING scroll of acquirement.
  4031 | D:6      | 4031 ||| ACQUIRING +0 mask of the Dragon {Will+ Slay+3
                  | SInv}
  4031 | D:6      | Acquired the +0 mask of the Dragon {Will+ Slay+3 SInv}
  4031 | D:6      | Found the +0 mask of the Dragon {Will+ Slay+3 SInv}
  4033 | D:6      | 4033 ||| UPGRADING to +0 mask of the Dragon {Will+ Slay+3
                  | SInv}.
  4043 | D:6      | 4043 ||| DROPPING +1 helmet.
  4062 | D:6      | Identified the +5 dagger "Killer Klown's Curse" {heavy,
                  | Dex+4}
  4074 | D:6      | 4074 ||| READING scroll of enchant weapon.
  4074 | D:6      | 4074 ||| ENCHANTING +5 heavy war axe.
  4434 | D:6      | 4434 ||| UPGRADING to amulet of reflection.
  4439 | D:6      | 4439 ||| READING scroll labelled MUGRER FAOTIYDD.
  4440 | D:6      | 4440 ||| READING scroll labelled ECIBIKL RURHE.
  4473 | D:6      | 4473 ||| READING 2 scrolls of identify.
  4473 | D:6      | 4473 ||| IDENTIFYING emerald potion
  4522 | D:7      | Reached XP level 9. HP: 54/54 MP: 12/12
  4529 | D:7      | Found Hig Ager's Distillery.
  4540 | D:7      | 4540 ||| BUYING potion of attraction (39 gold).
  4540 | D:7      | Bought a potion of attraction for 39 gold pieces
  4540 | D:7      | 4540 ||| BUYING potion of curing (39 gold).
  4540 | D:7      | Bought a potion of curing for 39 gold pieces
  4540 | D:7      | 4540 ||| SHOPLISTING potion of magic (104 gold, have 90).
  4544 | D:7      | Reached skill level 9 in Shields
  4608 | D:7      | Reached ** piety under Okawaru
  4669 | D:7      | 4669 ||| INVOKING Heroism.
  4734 | D:7      | 4734 ||| Stepping ~*~*~tactically~*~*~ (stealth).
  5085 | D:7      | 5085 ||| INVOKING Heroism.
  5140 | D:7      | 5140 ||| READING scroll labelled WIAFUH YBEAMP.
  5241 | D:7      | 5241 ||| READING 3 scrolls of identify.
  5241 | D:7      | 5241 ||| IDENTIFYING fizzy yellow potion
  5259 | D:8      | 5259 ||| Stepping ~*~*~tactically~*~*~ (stealth).
  5261 | D:8      | 5261 ||| Stepping ~*~*~tactically~*~*~ (hiding).
  5262 | D:8      | 5262 ||| Stepping ~*~*~tactically~*~*~ (hiding).
  5265 | D:8      | 5265 ||| INVOKING Heroism.
  5276 | D:8      | Reached skill level 1 in Dodging
  5299 | D:8      | Reached skill level 1 in Throwing
  5302 | D:8      | Reached XP level 10. HP: 56/59 MP: 13/13
  5302 | D:8      | Reached *** piety under Okawaru
  5349 | D:8      | 5349 ||| Stepping ~*~*~tactically~*~*~ (stealth).
  5379 | D:8      | 5379 ||| READING scroll of enchant armour.
  5379 | D:8      | 5379 ||| ENCHANTING +0 pair of boots.
  5391 | D:8      | 5391 ||| Stepping ~*~*~tactically~*~*~ (stealth).
  5395 | D:8      | 5395 ||| INVOKING Heroism.
  5638 | D:8      | Noticed Psyche
  5639 | D:8      | 5639 ||| Stepping ~*~*~tactically~*~*~ (hiding).
  5640 | D:8      | 5640 ||| INVOKING Heroism.
  5643 | D:8      | Killed Psyche
  5846 | D:8      | 5846 ||| Stepping ~*~*~tactically~*~*~ (hiding).
  5954 | D:8      | 5954 ||| READING scroll of enchant weapon.
  5954 | D:8      | 5954 ||| ENCHANTING +6 heavy war axe.
  6291 | D:8      | 6291 ||| INVOKING Heroism.
  6519 | D:9      | Found a staircase to the Orcish Mines.
  6529 | D:9      | 6529 ||| DROPPING +0 flail.
  6532 | D:9      | 6532 ||| READING scroll of enchant armour.
  6532 | D:9      | 6532 ||| ENCHANTING +1 pair of boots.
  6546 | D:9      | 6546 ||| INVOKING Heroism.
  6565 | D:9      | 6565 ||| Stepping ~*~*~tactically~*~*~ (stealth).
  6566 | D:9      | 6566 ||| Stepping ~*~*~tactically~*~*~ (stealth).
  6570 | D:9      | Reached skill level 6 in Fighting
  6660 | D:9      | 6660 ||| Stepping ~*~*~tactically~*~*~ (stealth).
  6665 | D:9      | Received a gift from Okawaru
  6698 | D:9      | 6698 ||| Stepping ~*~*~tactically~*~*~ (hiding).
  6708 | D:9      | Reached skill level 9 in Axes
  6724 | D:9      | 6724 ||| DROPPING +0 morningstar.
  6755 | D:9      | Noticed Grum
  6755 | D:9      | 6755 ||| INVOKING Heroism.
  6762 | D:9      | Killed Grum
  6833 | D:9      | Noticed Maggie
  6834 | D:9      | 6834 ||| Stepping ~*~*~tactically~*~*~ (hiding).
  6845 | D:9      | Killed Maggie
  6903 | D:9      | 6903 ||| INVOKING Heroism.
  6904 | D:9      | HP: 14/60 [acid dragon/splash of acid (28)]
  6905 | D:9      | 6905 ||| READING scroll of teleportation.
  6906 | D:9      | 6906 ||| DRINKING potion of heal wounds.
  6908 | D:9      | Reached skill level 12 in Shields
  7008 | D:9      | Reached **** piety under Okawaru
  7009 | D:9      | Reached XP level 11. HP: 59/64 MP: 14/14
  7059 | D:9      | 7059 ||| DROPPING +1 pair of boots.
  7140 | D:9      | Found a stormy altar of Qazlal.
  7140 | D:9      | Found a shimmering altar of Xom.
  7140 | D:9      | Found a snail-covered altar of Cheibriados.
  7140 | D:9      | Found an ancient bone altar of Kikubaaqudgha.
  7147 | D:9      | Found a radiant altar of Vehumet.
  7152 | D:9      | Found a sparkling altar of Nemelex Xobeh.
  7214 | D:9      | 7214 ||| READING scroll labelled KOTEV TERO.
  7247 | D:10     | Entered Level 10 of the Dungeon
  7257 | D:10     | Reached skill level 6 in Armour
  7260 | D:10     | 7260 ||| FLEEEEING.
  7261 | D:10     | 7261 ||| STAIRDANCE
  7285 | D:10     | 7285 ||| INVOKING Heroism.
  7329 | D:10     | Noticed a death yak
  7330 | D:10     | 7330 ||| INVOKING Heroism.
  7334 | D:10     | Noticed a death yak
  7335 | D:10     | Noticed a death yak
  7336 | D:10     | Noticed a death yak
  7336 | D:10     | Noticed a death yak
  7338 | D:10     | Killed a death yak
  7344 | D:10     | Killed a death yak
  7345 | D:10     | Reached skill level 7 in Fighting
  7345 | D:10     | Reached skill level 6 in Invocations
  7346 | D:10     | Killed a death yak
  7347 | D:10     | HP: 10/67 [death yak (10)]
  7348 | D:10     | Killed a death yak
  7348 | D:10     | Reached ***** piety under Okawaru
  7348 | D:10     | Received a gift from Okawaru
  7349 | D:10     | 7349 ||| INVOKING Finesse.
  7349 | D:10     | Noticed Maurice
  7350 | D:10     | HP: 3/67 [death yak (8)]
  7352 | D:10     | Killed a death yak
  7355 | D:10     | 7355 ||| INVOKING Heroism.
  7362 | D:10     | Killed Maurice
  7570 | D:10     | Found a staircase to the Lair.
  7609 | D:10     | Noticed Josephine
  7610 | D:10     | 7610 ||| Stepping ~*~*~tactically~*~*~ (stealth).
  7614 | D:10     | 7614 ||| Stepping ~*~*~tactically~*~*~ (stealth).
  7635 | D:10     | 7635 ||| INVOKING Heroism.
  7638 | D:10     | Killed Josephine
  7824 | D:10     | 7824 ||| Stepping ~*~*~tactically~*~*~ (stealth).
  7831 | D:10     | 7831 ||| Stepping ~*~*~tactically~*~*~ (hiding).
  7834 | D:10     | 7834 ||| Stepping ~*~*~tactically~*~*~ (hiding).
  7905 | D:10     | 7905 ||| Stepping ~*~*~tactically~*~*~ (stealth).
  7908 | D:10     | 7908 ||| Stepping ~*~*~tactically~*~*~ (stealth).
  7911 | D:10     | 7911 ||| Stepping ~*~*~tactically~*~*~ (hiding).
  7918 | D:10     | 7918 ||| Stepping ~*~*~tactically~*~*~ (hiding).
  7920 | D:10     | 7920 ||| Stepping ~*~*~tactically~*~*~ (hiding).
  8187 | D:10     | 8187 ||| PLANNING LAIR
  8211 | Lair:1   | Entered Level 1 of the Lair of Beasts
  8212 | Lair:1   | 8212 ||| INVOKING Heroism.
  8262 | Lair:1   | 8262 ||| INVOKING Heroism.
  8270 | Lair:1   | Reached XP level 12. HP: 72/72 MP: 16/18
  8345 | Lair:1   | 8345 ||| Stepping ~*~*~tactically~*~*~ (stealth).
  8391 | Lair:1   | 8391 ||| INVOKING Heroism.
  8398 | Lair:1   | Reached skill level 9 in Invocations
  8496 | Lair:1   | 8496 ||| INVOKING Heroism.
  8514 | Lair:1   | Identified the scarf of the Apprentice {repulsion, Int-4
                  | Dex+5} (Okawaru gifted it to you on level 1 of the Lair of
                  | Beasts)
  8514 | Lair:1   | Received a gift from Okawaru
  8515 | Lair:1   | Reached skill level 8 in Fighting
  8786 | Lair:1   | 8786 ||| Stepping ~*~*~tactically~*~*~ (hiding).
  8789 | Lair:1   | 8789 ||| INVOKING Heroism.
  9224 | Lair:1   | 9224 ||| UPGRADING to scarf of the Apprentice {repulsion,
                  | Int-4 Dex+5}.
  9234 | Lair:1   | 9234 ||| DROPPING +0 cloak.
  9235 | Lair:1   | 9235 ||| READING scroll labelled TUECAI GUTA.
  9236 | Lair:1   | 9236 ||| READING scroll labelled OXIFIMMAUN.
  9237 | Lair:1   | 9237 ||| READING scroll labelled VUNATZ WAUBUNINK.
  9238 | Lair:1   | 9238 ||| READING 5 scrolls of identify.
  9238 | Lair:1   | 9238 ||| IDENTIFYING fuming brown potion
  9239 | Lair:1   | 9239 ||| READING 4 scrolls of identify.
  9239 | Lair:1   | 9239 ||| IDENTIFYING dark potion
  9240 | Lair:1   | 9240 ||| DROPPING potion of degeneration.
  9241 | Lair:1   | 9241 ||| DROPPING potion of flight.
  9273 | Lair:2   | 9273 ||| INVOKING Heroism.
  9336 | Lair:2   | 9336 ||| FLEEEEING.
  9337 | Lair:2   | 9337 ||| FLEEEEING.
  9338 | Lair:2   | 9338 ||| FLEEEEING.
  9339 | Lair:2   | 9339 ||| FLEEEEING.
  9340 | Lair:2   | 9340 ||| FLEEEEING.
  9341 | Lair:2   | 9341 ||| FLEEEEING.
  9348 | Lair:2   | 9348 ||| INVOKING Heroism.
  9445 | Lair:2   | Noticed an eight-headed hydra
  9446 | Lair:2   | 9446 ||| INVOKING Heroism.
  9449 | Lair:2   | 9449 ||| SWAPPING to +2 antimagic morningstar.
  9453 | Lair:2   | Killed an eight-headed hydra
  9454 | Lair:2   | 9454 ||| SWAPPING to +7 heavy war axe.
  9463 | Lair:2   | 9463 ||| Stepping ~*~*~tactically~*~*~ (water).
  9599 | Lair:2   | 9599 ||| INVOKING Heroism.
  9624 | Lair:2   | Identified the +4 ring mail of Kikubaaqudgha's Scorn {+Inv
                  | rF+ MP+9 Int-2}
  9695 | Lair:2   | 9695 ||| Stepping ~*~*~tactically~*~*~ (stealth).
  9696 | Lair:2   | 9696 ||| Stepping ~*~*~tactically~*~*~ (stealth).
  9894 | Lair:2   | 9894 ||| Stepping ~*~*~tactically~*~*~ (hiding).
  9897 | Lair:2   | 9897 ||| INVOKING Heroism.
  9910 | Lair:2   | 9910 ||| Stepping ~*~*~tactically~*~*~ (stealth).
  9912 | Lair:2   | 9912 ||| Stepping ~*~*~tactically~*~*~ (hiding).
  9930 | Lair:2   | 9930 ||| Stepping ~*~*~tactically~*~*~ (hiding).
  9948 | Lair:2   | Found a staircase to the Swamp.
  9956 | Lair:2   | Reached XP level 13. HP: 77/78 MP: 20/20
 10118 | Lair:3   | 10118 ||| STAIRDANCE
 10248 | Lair:3   | Reached skill level 3 in Throwing
 10301 | Lair:3   | Reached skill level 9 in Fighting
 10310 | Lair:3   | 10310 ||| FLEEEEING.
 10316 | Lair:3   | 10316 ||| FLEEEEING.
 10387 | Lair:3   | 10387 ||| INVOKING Heroism.
 10390 | Lair:3   | 10390 ||| Stepping ~*~*~tactically~*~*~ (stealth).
 10392 | Lair:3   | 10392 ||| SWAPPING to +2 antimagic morningstar.
 10404 | Lair:3   | 10404 ||| SWAPPING to +7 heavy war axe.
 10472 | Lair:3   | 10472 ||| Stepping ~*~*~tactically~*~*~ (stealth).
 10497 | Lair:3   | 10497 ||| INVOKING Heroism.
 10563 | Lair:3   | 10563 ||| Stepping ~*~*~tactically~*~*~ (stealth).
 10636 | Lair:3   | 10636 ||| Stepping ~*~*~tactically~*~*~ (stealth).
 10727 | Lair:3   | 10727 ||| INVOKING Heroism.
 10742 | Lair:3   | Reached skill level 12 in Axes
 10743 | Lair:3   | 10743 ||| Stepping ~*~*~tactically~*~*~ (hiding).
 10765 | Lair:3   | 10765 ||| INVOKING Heroism.
 10866 | Lair:3   | 10866 ||| READING scroll of brand weapon.
 10866 | Lair:3   | 10866 ||| BRANDING +7 heavy war axe.
 10902 | Lair:3   | 10902 ||| Stepping ~*~*~tactically~*~*~ (stealth).
 10904 | Lair:3   | 10904 ||| Stepping ~*~*~tactically~*~*~ (stealth).
 10906 | Lair:3   | 10906 ||| INVOKING Heroism.
 11087 | Lair:3   | 11087 ||| Stepping ~*~*~tactically~*~*~ (stealth).
 11094 | Lair:3   | 11094 ||| Stepping ~*~*~tactically~*~*~ (stealth).
 11132 | Lair:3   | 11132 ||| INVOKING Heroism.
 11138 | Lair:3   | 11138 ||| SWAPPING to +2 antimagic morningstar.
 11151 | Lair:3   | HP: 20/80 [seven-headed hydra (6)]
 11152 | Lair:3   | 11152 ||| DRINKING 5 potions of heal wounds.
 11156 | Lair:3   | 11156 ||| FLEEEEING.
 11157 | Lair:3   | 11157 ||| SWAPPING to +7 spectral war axe.
 11315 | Lair:3   | Found a hole to the Spider Nest.
 11367 | Lair:3   | 11367 ||| INVOKING Heroism.
 11419 | Lair:3   | Found a snail-covered altar of Cheibriados.
 11447 | Lair:3   | 11447 ||| Stepping ~*~*~tactically~*~*~ (hiding).
 11565 | Lair:3   | 11565 ||| INVOKING Heroism.
 11703 | Lair:3   | Identified the +5 short sword of Daptoferr {pain, rN+ Will+
                  | rCorr}
 11811 | Lair:3   | Reached skill level 10 in Fighting
 11943 | Lair:3   | 11943 ||| UPGRADING to ring of positive energy.
 11944 | Lair:3   | 11944 ||| READING 5 scrolls of identify.
 11944 | Lair:3   | 11944 ||| IDENTIFYING blue potion
 11945 | Lair:3   | 11945 ||| DROPPING potion of brilliance.
 12036 | Lair:4   | 12036 ||| READING scroll of enchant weapon.
 12036 | Lair:4   | 12036 ||| ENCHANTING +7 spectral war axe.
 12054 | Lair:4   | Reached skill level 3 in Dodging
 12127 | Lair:4   | Gained mutation: Your large and strong wings let you fly.
                  | [Gargoyle growth]
 12127 | Lair:4   | Reached XP level 14. HP: 76/88 MP: 21/21
 12170 | Lair:4   | Noticed Urug
 12171 | Lair:4   | 12171 ||| INVOKING Heroism.
 12180 | Lair:4   | Killed Urug
 12369 | Lair:4   | Received a gift from Okawaru
 12380 | Lair:4   | You are sucked into a shaft and drop 1 floor!
 12380 | Lair:5   | Entered Level 5 of the Lair of Beasts
 12585 | Lair:5   | Found a dark tunnel.
 12623 | Lair:5   | Found a viscous altar of Jiyva.
 12629 | Lair:5   | 12629 ||| Stepping ~*~*~tactically~*~*~ (stealth).
 12651 | Lair:5   | Reached skill level 15 in Shields
 12654 | Lair:5   | Found a staircase to the Slime Pits.
 12714 | Lair:5   | 12714 ||| Stepping ~*~*~tactically~*~*~ (stealth).
 12716 | Lair:5   | 12716 ||| Stepping ~*~*~tactically~*~*~ (hiding).
 12718 | Lair:5   | 12718 ||| Stepping ~*~*~tactically~*~*~ (hiding).
 12772 | Lair:5   | Identified the +10 dagger "Kucesed" {antimagic, Str+2}
 12820 | Lair:5   | 12820 ||| Stepping ~*~*~tactically~*~*~ (hiding).
 12931 | Lair:5   | 12931 ||| Stepping ~*~*~tactically~*~*~ (stealth).
 12981 | Lair:5   | 12981 ||| Stepping ~*~*~tactically~*~*~ (stealth).
 12983 | Lair:5   | 12983 ||| Stepping ~*~*~tactically~*~*~ (stealth).
 12985 | Lair:5   | 12985 ||| Stepping ~*~*~tactically~*~*~ (stealth).
 12987 | Lair:5   | 12987 ||| Stepping ~*~*~tactically~*~*~ (stealth).
 13042 | Lair:5   | 13042 ||| Stepping ~*~*~tactically~*~*~ (stealth).
 13058 | Lair:5   | Reached skill level 9 in Armour
 13082 | Lair:5   | 13082 ||| INVOKING Heroism.
 13227 | Lair:5   | 13227 ||| INVOKING Heroism.
 13228 | Lair:5   | 13228 ||| INVOKING Finesse.
 13233 | Lair:5   | Identified the +4 steam dragon scales of the Garden {rF+
                  | Str+5} (Okawaru gifted it to you on level 5 of the Lair of
                  | Beasts)
 13233 | Lair:5   | Received a gift from Okawaru
 13290 | Lair:5   | 13290 ||| INVOKING Heroism.
 13291 | Lair:5   | 13291 ||| INVOKING Finesse.
 13296 | Lair:5   | 13296 ||| SWAPPING to +2 antimagic morningstar.
 13299 | Lair:5   | 13299 ||| SWAPPING to +8 spectral war axe.
 13460 | Lair:5   | 13460 ||| INVOKING Heroism.
 13528 | Lair:5   | 13528 ||| INVOKING Heroism.
 13530 | Lair:5   | 13530 ||| Stepping ~*~*~tactically~*~*~ (stealth).
 13532 | Lair:5   | 13532 ||| Stepping ~*~*~tactically~*~*~ (stealth).
 13534 | Lair:5   | 13534 ||| Stepping ~*~*~tactically~*~*~ (stealth).
 13726 | Lair:5   | 13726 ||| Stepping ~*~*~tactically~*~*~ (stealth).
 13727 | Lair:5   | 13727 ||| Stepping ~*~*~tactically~*~*~ (stealth).
 13728 | Lair:5   | 13728 ||| Stepping ~*~*~tactically~*~*~ (stealth).
 13740 | Lair:5   | 13740 ||| Stepping ~*~*~tactically~*~*~ (hiding).
 13752 | Lair:5   | 13752 ||| INVOKING Heroism.
 13766 | Lair:5   | Noticed a dire elephant
 13767 | Lair:5   | 13767 ||| Stepping ~*~*~tactically~*~*~ (stealth).
 13789 | Lair:5   | Killed a dire elephant
 13791 | Lair:5   | 13791 ||| Stepping ~*~*~tactically~*~*~ (hiding).
 13853 | Lair:5   | 13853 ||| INVOKING Heroism.
 13864 | Lair:5   | Reached skill level 11 in Fighting
 13866 | Lair:5   | Reached XP level 15. HP: 82/94 MP: 20/22
 13883 | Lair:5   | 13883 ||| Stepping ~*~*~tactically~*~*~ (stealth).
 13973 | Lair:5   | 13973 ||| Stepping ~*~*~tactically~*~*~ (stealth).
 14079 | Lair:5   | 14079 ||| Stepping ~*~*~tactically~*~*~ (stealth).
 14081 | Lair:5   | 14081 ||| Stepping ~*~*~tactically~*~*~ (stealth).
 14105 | Lair:5   | 14105 ||| Stepping ~*~*~tactically~*~*~ (hiding).
 14333 | Lair:5   | 14333 ||| PLANNING D:1-11
 14372 | Lair:3   | 14372 ||| Stepping ~*~*~tactically~*~*~ (stealth).
 14610 | D:11     | 14610 ||| Stepping ~*~*~tactically~*~*~ (hiding).
 14991 | D:11     | Found Ifric's Weapon Shoppe.
 15051 | D:11     | 15051 ||| PLANNING D
 15084 | D:12     | Received a gift from Okawaru
 15195 | D:12     | 15195 ||| Stepping ~*~*~tactically~*~*~ (hiding).
 15491 | D:12     | 15491 ||| Stepping ~*~*~tactically~*~*~ (stealth).
 15505 | D:12     | 15505 ||| Stepping ~*~*~tactically~*~*~ (stealth).
 15722 | D:12     | 15722 ||| UPGRADING to +0 pair of gloves.
 15727 | D:12     | 15727 ||| DROPPING amulet of the acrobat.
 15846 | D:13     | 15846 ||| Stepping ~*~*~tactically~*~*~ (stealth).
 15984 | D:13     | 15984 ||| Stepping ~*~*~tactically~*~*~ (stealth).
 15988 | D:13     | Noticed Lodul
 15997 | D:13     | Killed Lodul
 16036 | D:13     | Found a gate to the Vaults.
 16136 | D:13     | 16136 ||| Stepping ~*~*~tactically~*~*~ (stealth).
 16138 | D:13     | 16138 ||| Stepping ~*~*~tactically~*~*~ (stealth).
 16140 | D:13     | Noticed Frances
 16141 | D:13     | 16141 ||| INVOKING Heroism.
 16147 | D:13     | Killed Frances
 16163 | D:13     | Identified the +1 robe of Demons {Int+3}
 16328 | D:13     | 16328 ||| UPGRADING to +4 ring of slaying {mikee}.
 16350 | D:14     | Found a gate leading to a gauntlet.
 16351 | D:14     | 16351 ||| PLANNING GAUNTLET
 16358 | Gauntlet | Entered a Gauntlet
 16358 | Gauntlet | Found a transporter.
 16358 | Gauntlet | Found a transporter.
 16358 | Gauntlet | Found a transporter.
 16359 | Gauntlet | Found a transporter.
 16362 | Gauntlet | Found a transporter.
 16364 | Gauntlet | Found a large runed translucent door.
 16365 | Gauntlet | Found a large runed translucent door.
 16366 | Gauntlet | Found a large runed translucent door.
 16366 | Gauntlet | Found a large runed translucent door.
 16366 | Gauntlet | Found a runed translucent door.
 16367 | Gauntlet | Found a large runed translucent door.
 16368 | Gauntlet | Found a large runed translucent door.
 16369 | Gauntlet | Found a large runed translucent door.
 16369 | Gauntlet | Found a large runed translucent door.
 16370 | Gauntlet | Found a runed translucent gate.
 16372 | Gauntlet | Found a transporter.
 16383 | Gauntlet | Found a transporter.
 16383 | Gauntlet | Found a runed translucent gate.
 16384 | Gauntlet | Found a runed translucent gate.
 16385 | Gauntlet | Found a large runed translucent door.
 16386 | Gauntlet | Found a large runed translucent door.
 16387 | Gauntlet | Found a large runed translucent door.
 16389 | Gauntlet | Found a transporter.
 16397 | Gauntlet | Found a transporter.
 16416 | Gauntlet | Found a transporter.
 16424 | Gauntlet | Found a transporter.
 16441 | Gauntlet | Found a transporter.
 16515 | Gauntlet | Found a runed translucent door.
 16524 | Gauntlet | Found a large runed translucent door.
 16524 | Gauntlet | Found a large runed translucent door.
 16524 | Gauntlet | Found a large runed translucent door.
 16525 | Gauntlet | Found a large runed translucent door.
 16526 | Gauntlet | Found a large runed translucent door.
 16642 | Gauntlet | 16642 ||| READING scroll of enchant armour.
 16642 | Gauntlet | 16642 ||| ENCHANTING +0 pair of gloves.
 16698 | Gauntlet | Identified the +0 pair of gloves of the Vestibule of Hell
                  | {rPois Will- Dex+6}
 16704 | Gauntlet | 16704 ||| DRINKING 2 fuming silvery potions.
 16723 | Gauntlet | 16723 ||| Stepping ~*~*~tactically~*~*~ (hiding).
 16725 | Gauntlet | 16725 ||| INVOKING Heroism.
 16736 | Gauntlet | HP: 20/94 [minotaur/+0 trident (19)]
 16737 | Gauntlet | 16737 ||| DRINKING 6 potions of heal wounds.
 16738 | Gauntlet | 16738 ||| DRINKING 5 potions of heal wounds.
 16741 | Gauntlet | Reached skill level 6 in Throwing
 16970 | Gauntlet | 16970 ||| DROPPING ring of see invisible.
 16971 | Gauntlet | 16971 ||| UPGRADING to +5 ring of evasion.
 16973 | Gauntlet | 16973 ||| DROPPING ring of positive energy.
 16980 | D:14     | 16980 ||| PLANNING D
 17001 | D:14     | 17001 ||| Stepping ~*~*~tactically~*~*~ (hiding).
 17050 | D:14     | Found a radiant altar of Vehumet.
 17063 | D:14     | 17063 ||| Stepping ~*~*~tactically~*~*~ (stealth).
 17118 | D:14     | 17118 ||| INVOKING Heroism.
 17119 | D:14     | Received a gift from Okawaru
 17166 | D:14     | Reached skill level 15 in Axes
 17221 | D:14     | 17221 ||| INVOKING Heroism.
 17222 | D:14     | 17222 ||| INVOKING Finesse.
 17225 | D:14     | 17225 ||| SWAPPING to +2 antimagic morningstar.
 17233 | D:14     | 17233 ||| SWAPPING to +8 spectral war axe.
 17370 | D:14     | 17370 ||| INVOKING Heroism.
 17634 | D:14     | 17634 ||| INVOKING Heroism.
 17649 | D:14     | Reached skill level 12 in Fighting
 17865 | D:15     | Entered Level 15 of the Dungeon
 17869 | D:15     | 17869 ||| INVOKING Heroism.
 17881 | D:15     | 17881 ||| INVOKING Finesse.
 17884 | D:15     | Received a gift from Okawaru
 17884 | D:15     | Found the +1 cloak of Starlight {*Dazzle EV+4 Stlth--}
 17886 | D:15     | Reached XP level 16. HP: 66/101 MP: 17/23
 18145 | D:15     | 18145 ||| INVOKING Heroism.
 18165 | D:15     | 18165 ||| Stepping ~*~*~tactically~*~*~ (stealth).
 18197 | D:15     | 18197 ||| Stepping ~*~*~tactically~*~*~ (hiding).
 18234 | D:15     | 18234 ||| Stepping ~*~*~tactically~*~*~ (hiding).
 18451 | D:15     | 18451 ||| INVOKING Heroism.
 18465 | D:15     | 18465 ||| Stepping ~*~*~tactically~*~*~ (stealth).
 18467 | D:15     | 18467 ||| Stepping ~*~*~tactically~*~*~ (hiding).
 18529 | D:15     | 18529 ||| INVOKING Heroism.
 18549 | D:15     | 18549 ||| Stepping ~*~*~tactically~*~*~ (hiding).
 18696 | D:15     | 18696 ||| READING scroll of enchant armour.
 18696 | D:15     | 18696 ||| ENCHANTING +1 pair of gloves.
 18744 | D:15     | Found a staircase to the Depths.
 18899 | D:15     | 18899 ||| INVOKING Heroism.
 18907 | D:15     | HP: 18/101 [meliai/divine providence (15)]
 18908 | D:15     | 18908 ||| READING 3 scrolls of teleportation.
 18909 | D:15     | 18909 ||| DRINKING 5 potions of heal wounds.
 18910 | D:15     | 18910 ||| DRINKING 4 potions of heal wounds.
 19151 | D:15     | 19151 ||| Stepping ~*~*~tactically~*~*~ (stealth).
 19152 | D:15     | 19152 ||| Stepping ~*~*~tactically~*~*~ (stealth).
 19248 | D:15     | 19248 ||| PLANNING ORC
 19248 | D:15     | 19248 ||| UPGRADING to +1 cloak of Starlight {*Dazzle EV+4
                  | Stlth--}.
 19258 | D:15     | 19258 ||| DROPPING scarf of the Apprentice {repulsion,
                  | Int-4 Dex+5}.
 19259 | D:15     | 19259 ||| DROPPING amulet of regeneration.
 19260 | D:15     | 19260 ||| DROPPING +6 ring of dexterity.
 19386 | Orc:1    | Entered Level 1 of the Orcish Mines
 19530 | Orc:2    | Entered Level 2 of the Orcish Mines
 19535 | Orc:2    | 19535 ||| INVOKING Heroism.
 19594 | Orc:2    | 19594 ||| Stepping ~*~*~tactically~*~*~ (hiding).
 19596 | Orc:2    | 19596 ||| Stepping ~*~*~tactically~*~*~ (hiding).
 19630 | Orc:2    | 19630 ||| Stepping ~*~*~tactically~*~*~ (stealth).
 19632 | Orc:2    | 19632 ||| Stepping ~*~*~tactically~*~*~ (hiding).
 19770 | Orc:2    | Found a staircase to the Elven Halls.
 19904 | Orc:1    | Found Hywafo's Assorted Antiques.
 19952 | Orc:1    | 19952 ||| BUYING pearl ring (125 gold).
 19952 | Orc:1    | Bought a pearl ring for 125 gold pieces
 19952 | Orc:1    | 19952 ||| BUYING potion of curing (75 gold).
 19952 | Orc:1    | Bought a potion of curing for 75 gold pieces
 19952 | Orc:1    | 19952 ||| BUYING potion of mutation (200 gold).
 19952 | Orc:1    | Bought a potion of mutation for 200 gold pieces
 19952 | Orc:1    | 19952 ||| BUYING scroll of enchant weapon (187 gold).
 19952 | Orc:1    | Bought a scroll of enchant weapon for 187 gold pieces
 19952 | Orc:1    | 19952 ||| BUYING scroll of teleportation (75 gold).
 19952 | Orc:1    | Bought a scroll of teleportation for 75 gold pieces
 19952 | Orc:1    | 19952 ||| READING scroll of enchant weapon.
 19952 | Orc:1    | 19952 ||| ENCHANTING +8 spectral war axe.
 20124 | Orc:1    | 20124 ||| DROPPING ring of flight.
 20301 | Orc:2    | 20301 ||| Stepping ~*~*~tactically~*~*~ (hiding).
 20309 | Orc:2    | 20309 ||| Stepping ~*~*~tactically~*~*~ (hiding).
 20518 | Orc:2    | 20518 ||| Stepping ~*~*~tactically~*~*~ (stealth).
 20520 | Orc:2    | 20520 ||| Stepping ~*~*~tactically~*~*~ (hiding).
 20527 | Orc:2    | 20527 ||| Stepping ~*~*~tactically~*~*~ (stealth).
 20535 | Orc:2    | 20535 ||| Stepping ~*~*~tactically~*~*~ (hiding).
 20559 | Orc:2    | 20559 ||| Stepping ~*~*~tactically~*~*~ (hiding).
 20560 | Orc:2    | 20560 ||| Stepping ~*~*~tactically~*~*~ (hiding).
 20561 | Orc:2    | 20561 ||| INVOKING Heroism.
 20565 | Orc:2    | 20565 ||| Stepping ~*~*~tactically~*~*~ (stealth).
 20566 | Orc:2    | 20566 ||| Stepping ~*~*~tactically~*~*~ (hiding).
 20598 | Orc:2    | 20598 ||| Stepping ~*~*~tactically~*~*~ (stealth).
 20606 | Orc:2    | 20606 ||| Stepping ~*~*~tactically~*~*~ (hiding).
 20617 | Orc:2    | Received a gift from Okawaru
 20640 | Orc:2    | 20640 ||| Stepping ~*~*~tactically~*~*~ (hiding).
 20642 | Orc:2    | 20642 ||| Stepping ~*~*~tactically~*~*~ (hiding).
 20669 | Orc:2    | Found Mokhlid's Antique Weapon Emporium.
 20670 | Orc:2    | Found Niebbougunk's Antique Weapon Shoppe.
 20684 | Orc:2    | Found Rotheomu's Antique Armour Shop.
 20704 | Orc:2    | 20704 ||| INVOKING Heroism.
 20731 | Orc:2    | Found Yshrexua's Armour Emporium.
 20735 | Orc:2    | 20735 ||| BUYING shiny helmet (202 gold).
 20735 | Orc:2    | Bought a shiny helmet for 202 gold pieces
 20749 | Orc:2    | 20749 ||| BUYING +1 chain mail of the Pits of Slime {rC-
                  | Regen+ Int+3 Dex+3} (397 gold).
 20749 | Orc:2    | Bought the +1 chain mail of the Pits of Slime {rC- Regen+
                  | Int+3 Dex+3} for 397 gold pieces
 20950 | Orc:2    | 20950 ||| PLANNING SWAMP:1-3
 20950 | Orc:2    | 20950 ||| DROPPING +1 helmet.
 21117 | Swamp:1  | Entered Level 1 of the Swamp
 21118 | Swamp:1  | 21118 ||| INVOKING Heroism.
 21119 | Swamp:1  | 21119 ||| SWAPPING to +2 antimagic morningstar.
 21120 | Swamp:1  | 21120 ||| INVOKING Finesse.
 21125 | Swamp:1  | 21125 ||| SWAPPING to +9 spectral war axe.
 21254 | Swamp:1  | Noticed Aizul
 21255 | Swamp:1  | 21255 ||| INVOKING Heroism.
 21267 | Swamp:1  | Killed Aizul
 21305 | Swamp:1  | Noticed Mlioglotl
 21306 | Swamp:1  | 21306 ||| INVOKING Heroism.
 21314 | Swamp:1  | Killed Mlioglotl
 21315 | Swamp:1  | Reached skill level 12 in Armour
 21327 | Swamp:1  | 21327 ||| INVOKING Heroism.
 21340 | Swamp:1  | Received a gift from Okawaru
 21342 | Swamp:1  | 21342 ||| Stepping ~*~*~tactically~*~*~ (stealth).
 21343 | Swamp:1  | 21343 ||| Stepping ~*~*~tactically~*~*~ (stealth).
 21368 | Swamp:1  | 21368 ||| Stepping ~*~*~tactically~*~*~ (hiding).
 21499 | Swamp:1  | 21499 ||| Stepping ~*~*~tactically~*~*~ (hiding).
 21611 | Swamp:1  | Noticed Nikola
 21614 | Swamp:1  | 21614 ||| INVOKING Heroism.
 21620 | Swamp:1  | Killed Nikola
 21620 | Swamp:1  | Received a gift from Okawaru
 21769 | Swamp:1  | 21769 ||| Stepping ~*~*~tactically~*~*~ (hiding).
 21799 | Swamp:1  | 21799 ||| Stepping ~*~*~tactically~*~*~ (hiding).
 21803 | Swamp:1  | 21803 ||| INVOKING Heroism.
 21871 | Swamp:1  | 21871 ||| INVOKING Heroism.
 21875 | Swamp:1  | 21875 ||| SWAPPING to +2 antimagic morningstar.
 21881 | Swamp:1  | Reached XP level 17. HP: 106/107 MP: 8/24
 21881 | Swamp:1  | 21881 ||| SWAPPING to +9 spectral war axe.
 21977 | Swamp:1  | 21977 ||| FLEEEEING.
 21981 | Swamp:1  | 21981 ||| FLEEEEING.
 22370 | Swamp:1  | 22370 ||| READING 16 scrolls of identify.
 22370 | Swamp:1  | 22370 ||| IDENTIFYING viscous coppery potion
 22371 | Swamp:1  | 22371 ||| DROPPING potion of berserk rage.
 22452 | Swamp:2  | 22452 ||| Stepping ~*~*~tactically~*~*~ (hiding).
 22524 | Swamp:2  | Noticed Kirke
 22530 | Swamp:2  | Killed Kirke
 22543 | Swamp:2  | 22543 ||| Stepping ~*~*~tactically~*~*~ (hiding).
 22547 | Swamp:2  | 22547 ||| Stepping ~*~*~tactically~*~*~ (hiding).
 22679 | Swamp:2  | 22679 ||| Stepping ~*~*~tactically~*~*~ (hiding).
 22685 | Swamp:2  | Reached skill level 13 in Fighting
 22796 | Swamp:2  | 22796 ||| Stepping ~*~*~tactically~*~*~ (hiding).
 22800 | Swamp:2  | 22800 ||| INVOKING Heroism.
 22801 | Swamp:2  | Received a gift from Okawaru
 22888 | Swamp:2  | 22888 ||| Stepping ~*~*~tactically~*~*~ (hiding).
 22890 | Swamp:2  | 22890 ||| Stepping ~*~*~tactically~*~*~ (hiding).
 22903 | Swamp:2  | 22903 ||| INVOKING Heroism.
 23235 | Swamp:3  | 23235 ||| Stepping ~*~*~tactically~*~*~ (hiding).
 23236 | Swamp:3  | 23236 ||| INVOKING Heroism.
 23240 | Swamp:3  | 23240 ||| SWAPPING to +2 antimagic morningstar.
 23244 | Swamp:3  | 23244 ||| SWAPPING to +9 spectral war axe.
 23576 | Swamp:3  | 23576 ||| INVOKING Heroism.
 23579 | Swamp:3  | 23579 ||| SWAPPING to +2 antimagic morningstar.
 23581 | Swamp:3  | 23581 ||| SWAPPING to +9 spectral war axe.
 23707 | Swamp:3  | 23707 ||| INVOKING Heroism.
 23759 | Swamp:3  | 23759 ||| Stepping ~*~*~tactically~*~*~ (hiding).
 23760 | Swamp:3  | 23760 ||| INVOKING Heroism.
 23818 | Swamp:3  | 23818 ||| INVOKING Heroism.
 23887 | Swamp:3  | 23887 ||| Stepping ~*~*~tactically~*~*~ (hiding).
 23890 | Swamp:3  | 23890 ||| Stepping ~*~*~tactically~*~*~ (hiding).
 23892 | Swamp:3  | 23892 ||| Stepping ~*~*~tactically~*~*~ (hiding).
 24019 | Swamp:3  | 24019 ||| Stepping ~*~*~tactically~*~*~ (stealth).
 24021 | Swamp:3  | 24021 ||| Stepping ~*~*~tactically~*~*~ (hiding).
 24023 | Swamp:3  | 24023 ||| Stepping ~*~*~tactically~*~*~ (hiding).
 24027 | Swamp:3  | 24027 ||| INVOKING Heroism.
 24176 | Swamp:3  | 24176 ||| INVOKING Heroism.
 24191 | Swamp:3  | Identified the +0 helmet "Ecuc" {rN++}
 24237 | Swamp:3  | 24237 ||| Stepping ~*~*~tactically~*~*~ (hiding).
 24418 | Swamp:3  | 24418 ||| PLANNING SPIDER:1-3
 24418 | Swamp:3  | 24418 ||| DROPPING +0 helmet "Ecuc" {rN++}.
 24551 | Spider:1 | Entered Level 1 of the Spider Nest
 24658 | Spider:1 | Received a gift from Okawaru
 24679 | Spider:1 | 24679 ||| INVOKING Heroism.
 24778 | Spider:1 | 24778 ||| INVOKING Heroism.
 24817 | Spider:1 | 24817 ||| Stepping ~*~*~tactically~*~*~ (stealth).
 24912 | Spider:1 | 24912 ||| Stepping ~*~*~tactically~*~*~ (stealth).
 25586 | Spider:1 | Received a gift from Okawaru
 25592 | Spider:1 | Reached skill level 14 in Fighting
 25724 | Spider:1 | 25724 ||| INVOKING Heroism.
 25735 | Spider:1 | Reached skill level 18 in Shields
 25867 | Spider:1 | 25867 ||| READING 15 scrolls of identify.
 25867 | Spider:1 | 25867 ||| IDENTIFYING sedimented red potion
 25966 | Spider:2 | 25966 ||| Stepping ~*~*~tactically~*~*~ (stealth).
 26001 | Spider:2 | 26001 ||| Stepping ~*~*~tactically~*~*~ (stealth).
 26011 | Spider:2 | 26011 ||| FLEEEEING.
 26012 | Spider:2 | 26012 ||| FLEEEEING.
 26013 | Spider:2 | 26013 ||| FLEEEEING.
 26014 | Spider:2 | 26014 ||| FLEEEEING.
 26015 | Spider:2 | 26015 ||| FLEEEEING.
 26016 | Spider:2 | 26016 ||| FLEEEEING.
 26017 | Spider:2 | 26017 ||| FLEEEEING.
 26018 | Spider:2 | 26018 ||| FLEEEEING.
 26019 | Spider:2 | 26019 ||| FLEEEEING.
 26020 | Spider:2 | 26020 ||| FLEEEEING.
 26021 | Spider:2 | 26021 ||| FLEEEEING.
 26022 | Spider:2 | 26022 ||| FLEEEEING.
 26023 | Spider:2 | 26023 ||| STAIRDANCE
 26027 | Spider:2 | 26027 ||| STAIRDANCE
 26249 | Spider:2 | 26249 ||| Stepping ~*~*~tactically~*~*~ (stealth).
 26409 | Spider:2 | 26409 ||| Stepping ~*~*~tactically~*~*~ (stealth).
 26421 | Spider:2 | Found the +1 robe of Vines {NoPotionHeal Regen++++}
 26450 | Spider:2 | 26450 ||| Stepping ~*~*~tactically~*~*~ (stealth).
 26451 | Spider:2 | 26451 ||| Stepping ~*~*~tactically~*~*~ (stealth).
 26527 | Spider:2 | 26527 ||| Stepping ~*~*~tactically~*~*~ (stealth).
 26528 | Spider:2 | 26528 ||| Stepping ~*~*~tactically~*~*~ (stealth).
 26531 | Spider:2 | 26531 ||| Stepping ~*~*~tactically~*~*~ (stealth).
 26532 | Spider:2 | 26532 ||| Stepping ~*~*~tactically~*~*~ (stealth).
 26610 | Spider:2 | 26610 ||| Stepping ~*~*~tactically~*~*~ (hiding).
 26611 | Spider:2 | 26611 ||| Stepping ~*~*~tactically~*~*~ (hiding).
 26633 | Spider:2 | 26633 ||| INVOKING Heroism.
 26656 | Spider:2 | 26656 ||| Stepping ~*~*~tactically~*~*~ (stealth).
 26845 | Spider:2 | 26845 ||| FLEEEEING.
 26846 | Spider:2 | 26846 ||| FLEEEEING.
 26847 | Spider:2 | 26847 ||| FLEEEEING.
 26848 | Spider:2 | 26848 ||| FLEEEEING.
 26850 | Spider:2 | 26850 ||| FLEEEEING.
 26851 | Spider:2 | 26851 ||| FLEEEEING.
 26852 | Spider:2 | 26852 ||| FLEEEEING.
 26854 | Spider:2 | 26854 ||| FLEEEEING.
 26855 | Spider:2 | 26855 ||| STAIRDANCE
 26966 | Spider:2 | Reached skill level 15 in Fighting
 27009 | Spider:2 | Reached XP level 18. HP: 119/119 MP: 25/25
 27009 | Spider:2 | 27009 ||| DROPPING +2 antimagic morningstar.
 27384 | Spider:3 | 27384 ||| Stepping ~*~*~tactically~*~*~ (hiding).
 27406 | Spider:3 | 27406 ||| Stepping ~*~*~tactically~*~*~ (stealth).
 27407 | Spider:3 | 27407 ||| INVOKING Heroism.
 27478 | Spider:3 | 27478 ||| Stepping ~*~*~tactically~*~*~ (stealth).
 27496 | Spider:3 | 27496 ||| Stepping ~*~*~tactically~*~*~ (stealth).
 27500 | Spider:3 | 27500 ||| Stepping ~*~*~tactically~*~*~ (stealth).
 27501 | Spider:3 | 27501 ||| Stepping ~*~*~tactically~*~*~ (stealth).
 27502 | Spider:3 | 27502 ||| Stepping ~*~*~tactically~*~*~ (stealth).
 27526 | Spider:3 | 27526 ||| Stepping ~*~*~tactically~*~*~ (stealth).
 27530 | Spider:3 | 27530 ||| Stepping ~*~*~tactically~*~*~ (stealth).
 27752 | Spider:3 | 27752 ||| Stepping ~*~*~tactically~*~*~ (stealth).
 27816 | Spider:3 | 27816 ||| Stepping ~*~*~tactically~*~*~ (stealth).
 27818 | Spider:3 | 27818 ||| INVOKING Heroism.
 28097 | Spider:3 | 28097 ||| INVOKING Heroism.
 28100 | Spider:3 | Received a gift from Okawaru
 28261 | Spider:3 | 28261 ||| Stepping ~*~*~tactically~*~*~ (stealth).
 28405 | Spider:3 | 28405 ||| INVOKING Heroism.
 28468 | Spider:3 | 28468 ||| FLEEEEING.
 28471 | Spider:3 | 28471 ||| Stepping ~*~*~tactically~*~*~ (stealth).
 28554 | Spider:3 | 28554 ||| Stepping ~*~*~tactically~*~*~ (stealth).
 28580 | Spider:3 | 28580 ||| Stepping ~*~*~tactically~*~*~ (stealth).
 28592 | Spider:3 | 28592 ||| Stepping ~*~*~tactically~*~*~ (stealth).
 28627 | Spider:3 | 28627 ||| PLANNING SWAMP:4
 28627 | Spider:3 | 28627 ||| READING 16 scrolls of identify.
 28627 | Spider:3 | 28627 ||| IDENTIFYING glowing green potion
 28628 | Spider:3 | 28628 ||| DROPPING potion of invisibility.
 28839 | Swamp:4  | Entered Level 4 of the Swamp
 28843 | Swamp:4  | 28843 ||| INVOKING Heroism.
 28850 | Swamp:4  | Received a gift from Okawaru
 28854 | Swamp:4  | 28854 ||| INVOKING Finesse.
 28871 | Swamp:4  | 28871 ||| Stepping ~*~*~tactically~*~*~ (hiding).
 28872 | Swamp:4  | 28872 ||| STAIRDANCE
 29059 | Swamp:4  | 29059 ||| INVOKING Heroism.
 29070 | Swamp:4  | 29070 ||| INVOKING Finesse.
 29076 | Swamp:4  | Reached skill level 16 in Fighting
 29092 | Swamp:4  | 29092 ||| FLEEEEING.
 29093 | Swamp:4  | 29093 ||| FLEEEEING.
 29094 | Swamp:4  | 29094 ||| STAIRDANCE
 29096 | Swamp:3  | 29096 ||| INVOKING Heroism.
 29265 | Swamp:4  | 29265 ||| Stepping ~*~*~tactically~*~*~ (stealth).
 29275 | Swamp:4  | 29275 ||| Stepping ~*~*~tactically~*~*~ (hiding).
 29292 | Swamp:4  | Received a gift from Okawaru
 29304 | Swamp:4  | 29304 ||| Stepping ~*~*~tactically~*~*~ (stealth).
 29332 | Swamp:4  | 29332 ||| Stepping ~*~*~tactically~*~*~ (stealth).
 29357 | Swamp:4  | 29357 ||| INVOKING Heroism.
 29358 | Swamp:4  | 29358 ||| INVOKING Finesse.
 29388 | Swamp:4  | 29388 ||| Stepping ~*~*~tactically~*~*~ (stealth).
 29394 | Swamp:4  | 29394 ||| Stepping ~*~*~tactically~*~*~ (stealth).
 29414 | Swamp:4  | 29414 ||| INVOKING Heroism.
 29416 | Swamp:4  | 29416 ||| INVOKING Finesse.
 29420 | Swamp:4  | Found a blossoming altar of Fedhas.
 29719 | Swamp:4  | Found a basalt altar of Yredelemnul.
 29734 | Swamp:4  | Got a decaying rune of Zot
 29828 | Swamp:4  | 29828 ||| PLANNING VAULTS:1-4
 29828 | Swamp:4  | 29828 ||| DROPPING +2 pair of gloves.
 30040 | Vaults:1 | Entered Level 1 of the Vaults
 30046 | Vaults:1 | 30046 ||| Stepping ~*~*~tactically~*~*~ (stealth).
 30055 | Vaults:1 | 30055 ||| Stepping ~*~*~tactically~*~*~ (stealth).
 30101 | Vaults:1 | 30101 ||| INVOKING Heroism.
 30206 | Vaults:1 | 30206 ||| FLEEEEING.
 30207 | Vaults:1 | 30207 ||| FLEEEEING.
 30208 | Vaults:1 | 30208 ||| FLEEEEING.
 30209 | Vaults:1 | 30209 ||| FLEEEEING.
 30210 | Vaults:1 | 30210 ||| FLEEEEING.
 30211 | Vaults:1 | 30211 ||| FLEEEEING.
 30212 | Vaults:1 | 30212 ||| FLEEEEING.
 30213 | Vaults:1 | 30213 ||| FLEEEEING.
 30215 | Vaults:1 | 30215 ||| FLEEEEING.
 30216 | Vaults:1 | 30216 ||| STAIRDANCE
 30320 | Vaults:1 | 30320 ||| STAIRDANCE
 30538 | Vaults:1 | Reached skill level 15 in Armour
 30538 | Vaults:1 | 30538 ||| FLEEEEING.
 30539 | Vaults:1 | 30539 ||| STAIRDANCE
 30591 | Vaults:1 | Received a gift from Okawaru
 30645 | Vaults:1 | 30645 ||| INVOKING Heroism.
 30649 | Vaults:1 | Reached XP level 19. HP: 118/125 MP: 23/26
 30653 | Vaults:1 | Received a gift from Okawaru
 30918 | Vaults:1 | You are sucked into a shaft and drop 1 floor!
 30921 | Vaults:2 | Reached skill level 9 in Throwing
 31032 | Vaults:2 | 31032 ||| Stepping ~*~*~tactically~*~*~ (hiding).
 31055 | Vaults:2 | 31055 ||| Stepping ~*~*~tactically~*~*~ (stealth).
 31057 | Vaults:2 | 31057 ||| Stepping ~*~*~tactically~*~*~ (hiding).
 31088 | Vaults:2 | 31088 ||| Stepping ~*~*~tactically~*~*~ (stealth).
 31091 | Vaults:2 | Received a gift from Okawaru
 31097 | Vaults:2 | 31097 ||| Stepping ~*~*~tactically~*~*~ (stealth).
 31103 | Vaults:2 | 31103 ||| Stepping ~*~*~tactically~*~*~ (stealth).
 31123 | Vaults:2 | Reached skill level 17 in Fighting
 31270 | Vaults:2 | Found a staircase to the Crypt.
 31394 | Vaults:2 | 31394 ||| INVOKING Heroism.
 31416 | Vaults:2 | Received a gift from Okawaru
 31612 | Vaults:2 | 31612 ||| DROPPING +4 broad axe.
 31623 | Vaults:1 | 31623 ||| INVOKING Heroism.
 31624 | Vaults:1 | 31624 ||| INVOKING Finesse.
 31670 | Vaults:1 | 31670 ||| Stepping ~*~*~tactically~*~*~ (stealth).
 31746 | Vaults:1 | Received a gift from Okawaru
 31939 | Vaults:1 | 31939 ||| Stepping ~*~*~tactically~*~*~ (hiding).
 31940 | Vaults:1 | 31940 ||| Stepping ~*~*~tactically~*~*~ (hiding).
 31943 | Vaults:1 | 31943 ||| INVOKING Heroism.
 31944 | Vaults:1 | 31944 ||| INVOKING Finesse.
 31966 | Vaults:1 | 31966 ||| INVOKING Heroism.
 32024 | Vaults:1 | 32024 ||| INVOKING Heroism.
 32046 | Vaults:1 | HP: 32/128 [slime creature[a boggart] (6)]
 32047 | Vaults:1 | 32047 ||| READING 7 scrolls of teleportation.
 32392 | Vaults:1 | 32392 ||| Stepping ~*~*~tactically~*~*~ (hiding).
 32654 | Vaults:1 | 32654 ||| INVOKING Heroism.
 32872 | Vaults:1 | Found Cery's Distillery.
 32876 | Vaults:1 | 32876 ||| BUYING 2 potions of curing (102 gold).
 32876 | Vaults:1 | Bought 2 potions of curing for 102 gold pieces
 32876 | Vaults:1 | 32876 ||| BUYING 2 potions of heal wounds (170 gold).
 32876 | Vaults:1 | Bought 2 potions of heal wounds for 170 gold pieces
 32876 | Vaults:1 | 32876 ||| BUYING potion of curing (51 gold).
 32876 | Vaults:1 | Bought a potion of curing for 51 gold pieces
 32876 | Vaults:1 | 32876 ||| BUYING potion of haste (170 gold).
 32876 | Vaults:1 | Bought a potion of haste for 170 gold pieces
 32876 | Vaults:1 | 32876 ||| BUYING potion of magic (136 gold).
 32876 | Vaults:1 | Bought a potion of magic for 136 gold pieces
 32876 | Vaults:1 | 32876 ||| BUYING potion of might (68 gold).
 32876 | Vaults:1 | Bought a potion of might for 68 gold pieces
 32876 | Vaults:1 | 32876 ||| BUYING potion of might (68 gold).
 32876 | Vaults:1 | Bought a potion of might for 68 gold pieces
 32881 | Vaults:1 | 32881 ||| Stepping ~*~*~tactically~*~*~ (hiding).
 32936 | Vaults:1 | 32936 ||| Stepping ~*~*~tactically~*~*~ (hiding).
 32937 | Vaults:1 | 32937 ||| Stepping ~*~*~tactically~*~*~ (hiding).
 32940 | Vaults:1 | 32940 ||| INVOKING Heroism.
 33212 | Vaults:1 | 33212 ||| UPGRADING to +2 tower shield of protection.
 33222 | Vaults:1 | 33222 ||| DROPPING +0 tower shield.
 33261 | Vaults:2 | 33261 ||| INVOKING Heroism.
 33264 | Vaults:2 | Received a gift from Okawaru
 33266 | Vaults:2 | 33266 ||| STAIRDANCE
 33269 | Vaults:1 | HP: 22/128 [frost giant/+1 battleaxe of freezing (13)]
 33270 | Vaults:1 | 33270 ||| READING 6 scrolls of teleportation.
 33271 | Vaults:1 | 33271 ||| DRINKING 6 potions of heal wounds.
 33523 | Vaults:2 | Received a gift from Okawaru
 33528 | Vaults:2 | 33528 ||| FLEEEEING.
 33529 | Vaults:2 | 33529 ||| STAIRDANCE
 33580 | Vaults:2 | Reached skill level 18 in Fighting
 33626 | Vaults:2 | 33626 ||| Stepping ~*~*~tactically~*~*~ (stealth).
 33631 | Vaults:2 | 33631 ||| Stepping ~*~*~tactically~*~*~ (stealth).
 33634 | Vaults:2 | 33634 ||| Stepping ~*~*~tactically~*~*~ (stealth).
 33636 | Vaults:2 | 33636 ||| Stepping ~*~*~tactically~*~*~ (stealth).
 33638 | Vaults:2 | 33638 ||| Stepping ~*~*~tactically~*~*~ (hiding).
 33644 | Vaults:2 | 33644 ||| DRINKING 21 potions of curing.
 33644 | Vaults:2 | 33644 ||| (to cure confusion)
 33656 | Vaults:2 | 33656 ||| Stepping ~*~*~tactically~*~*~ (stealth).
 33658 | Vaults:2 | 33658 ||| INVOKING Heroism.
 33703 | Vaults:2 | 33703 ||| Stepping ~*~*~tactically~*~*~ (hiding).
 33737 | Vaults:2 | 33737 ||| Stepping ~*~*~tactically~*~*~ (stealth).
 33746 | Vaults:2 | Received a gift from Okawaru
 33851 | Vaults:2 | Reached XP level 20. HP: 126/136 MP: 27/27
 33901 | Vaults:2 | 33901 ||| FLEEEEING.
 33902 | Vaults:2 | 33902 ||| FLEEEEING.
 33903 | Vaults:2 | 33903 ||| Stepping ~*~*~tactically~*~*~ (hiding).
 33909 | Vaults:2 | Noticed Bai Suzhen
 33912 | Vaults:2 | Received a gift from Okawaru
 33925 | Vaults:2 | 33925 ||| INVOKING Heroism.
 33927 | Vaults:2 | Killed Bai Suzhen
 33927 | Vaults:2 | Received a gift from Okawaru
 34226 | Vaults:2 | Noticed Jory
 34227 | Vaults:2 | 34227 ||| Stepping ~*~*~tactically~*~*~ (stealth).
 34234 | Vaults:2 | Received a gift from Okawaru
 34237 | Vaults:2 | 34237 ||| Stepping ~*~*~tactically~*~*~ (hiding).
 34252 | Vaults:2 | 34252 ||| INVOKING Heroism.
 34253 | Vaults:2 | Killed Jory
 34694 | Vaults:2 | 34694 ||| Stepping ~*~*~tactically~*~*~ (stealth).
 34996 | Vaults:3 | 34996 ||| Stepping ~*~*~tactically~*~*~ (hiding).
 34998 | Vaults:3 | 34998 ||| Stepping ~*~*~tactically~*~*~ (hiding).
 35140 | Vaults:3 | Received a gift from Okawaru
 35153 | Vaults:3 | 35153 ||| Stepping ~*~*~tactically~*~*~ (hiding).
 35154 | Vaults:3 | 35154 ||| Stepping ~*~*~tactically~*~*~ (hiding).
 35158 | Vaults:3 | 35158 ||| INVOKING Heroism.
 35159 | Vaults:3 | 35159 ||| INVOKING Finesse.
 35164 | Vaults:3 | 35164 ||| Stepping ~*~*~tactically~*~*~ (hiding).
 35169 | Vaults:3 | 35169 ||| Stepping ~*~*~tactically~*~*~ (hiding).
 35172 | Vaults:3 | 35172 ||| Stepping ~*~*~tactically~*~*~ (hiding).
 35306 | Vaults:3 | 35306 ||| INVOKING Finesse.
 35418 | Vaults:3 | 35418 ||| INVOKING Heroism.
 35419 | Vaults:3 | 35419 ||| INVOKING Finesse.
 35483 | Vaults:3 | 35483 ||| Stepping ~*~*~tactically~*~*~ (hiding).
 35490 | Vaults:3 | Reached skill level 19 in Fighting
 35490 | Vaults:3 | 35490 ||| Stepping ~*~*~tactically~*~*~ (hiding).
 35594 | Vaults:3 | 35594 ||| FLEEEEING.
 35595 | Vaults:3 | 35595 ||| FLEEEEING.
 35596 | Vaults:3 | 35596 ||| FLEEEEING.
 35597 | Vaults:3 | 35597 ||| FLEEEEING.
 35603 | Vaults:3 | 35603 ||| FLEEEEING.
 35604 | Vaults:3 | 35604 ||| FLEEEEING.
 35605 | Vaults:3 | 35605 ||| FLEEEEING.
 35606 | Vaults:3 | 35606 ||| FLEEEEING.
 35607 | Vaults:3 | 35607 ||| FLEEEEING.
 35608 | Vaults:3 | 35608 ||| FLEEEEING.
 35614 | Vaults:3 | 35614 ||| INVOKING Heroism.
 35618 | Vaults:3 | Received a gift from Okawaru
 35867 | Vaults:3 | 35867 ||| Stepping ~*~*~tactically~*~*~ (hiding).
 35988 | Vaults:3 | Found Saecul's Weapon Emporium.
 35989 | Vaults:3 | 35989 ||| Stepping ~*~*~tactically~*~*~ (hiding).
 36177 | Vaults:3 | 36177 ||| Stepping ~*~*~tactically~*~*~ (hiding).
 36192 | Vaults:3 | Reached skill level 18 in Armour
 36536 | Vaults:4 | Received a gift from Okawaru
 36623 | Vaults:4 | 36623 ||| Stepping ~*~*~tactically~*~*~ (stealth).
 36625 | Vaults:4 | 36625 ||| Stepping ~*~*~tactically~*~*~ (stealth).
 36739 | Vaults:4 | Noticed Sojobo
 36740 | Vaults:4 | 36740 ||| INVOKING Heroism.
 36741 | Vaults:4 | 36741 ||| INVOKING Finesse.
 36769 | Vaults:4 | Killed Sojobo
 36769 | Vaults:4 | Received a gift from Okawaru
 36898 | Vaults:4 | 36898 ||| FLEEEEING.
 36899 | Vaults:4 | 36899 ||| FLEEEEING.
 36900 | Vaults:4 | 36900 ||| FLEEEEING.
 36913 | Vaults:4 | 36913 ||| FLEEEEING.
 36914 | Vaults:4 | 36914 ||| FLEEEEING.
 36916 | Vaults:4 | 36916 ||| FLEEEEING.
 36917 | Vaults:4 | 36917 ||| FLEEEEING.
 36918 | Vaults:4 | 36918 ||| FLEEEEING.
 36919 | Vaults:4 | 36919 ||| STAIRDANCE
 37036 | Vaults:4 | Reached XP level 21. HP: 142/143 MP: 28/28
 37102 | Vaults:4 | Noticed Zenata
 37103 | Vaults:4 | 37103 ||| INVOKING Heroism.
 37111 | Vaults:4 | Killed Zenata
 37260 | Vaults:4 | 37260 ||| Stepping ~*~*~tactically~*~*~ (stealth).
 37273 | Vaults:4 | Received a gift from Okawaru
 37279 | Vaults:4 | 37279 ||| FLEEEEING.
 37318 | Vaults:4 | 37318 ||| Stepping ~*~*~tactically~*~*~ (stealth).
 37356 | Vaults:4 | 37356 ||| Stepping ~*~*~tactically~*~*~ (stealth).
 37461 | Vaults:4 | 37461 ||| FLEEEEING.
 37462 | Vaults:4 | 37462 ||| FLEEEEING.
 37463 | Vaults:4 | 37463 ||| FLEEEEING.
 37464 | Vaults:4 | 37464 ||| FLEEEEING.
 37465 | Vaults:4 | 37465 ||| FLEEEEING.
 37466 | Vaults:4 | 37466 ||| FLEEEEING.
 37467 | Vaults:4 | 37467 ||| FLEEEEING.
 37468 | Vaults:4 | 37468 ||| FLEEEEING.
 37469 | Vaults:4 | 37469 ||| FLEEEEING.
 37470 | Vaults:4 | 37470 ||| FLEEEEING.
 37471 | Vaults:4 | 37471 ||| FLEEEEING.
 37472 | Vaults:4 | 37472 ||| FLEEEEING.
 37473 | Vaults:4 | 37473 ||| FLEEEEING.
 37474 | Vaults:4 | 37474 ||| FLEEEEING.
 37475 | Vaults:4 | 37475 ||| FLEEEEING.
 37476 | Vaults:4 | 37476 ||| FLEEEEING.
 37477 | Vaults:4 | 37477 ||| FLEEEEING.
 37478 | Vaults:4 | 37478 ||| FLEEEEING.
 37479 | Vaults:4 | 37479 ||| FLEEEEING.
 37480 | Vaults:4 | 37480 ||| FLEEEEING.
 37481 | Vaults:4 | 37481 ||| FLEEEEING.
 37482 | Vaults:4 | 37482 ||| FLEEEEING.
 37484 | Vaults:4 | 37484 ||| FLEEEEING.
 37485 | Vaults:4 | 37485 ||| FLEEEEING.
 37502 | Vaults:4 | 37502 ||| INVOKING Heroism.
 37503 | Vaults:4 | 37503 ||| INVOKING Finesse.
 37526 | Vaults:4 | Reached skill level 20 in Fighting
 37539 | Vaults:4 | Received a gift from Okawaru
 37805 | Vaults:4 | 37805 ||| FLEEEEING.
 37806 | Vaults:4 | 37806 ||| FLEEEEING.
 37807 | Vaults:4 | 37807 ||| FLEEEEING.
 37808 | Vaults:4 | 37808 ||| FLEEEEING.
 37809 | Vaults:4 | 37809 ||| FLEEEEING.
 37810 | Vaults:4 | 37810 ||| FLEEEEING.
 37811 | Vaults:4 | 37811 ||| FLEEEEING.
 38513 | Vaults:4 | 38513 ||| PLANNING SPIDER:4
 38913 | Spider:4 | Entered Level 4 of the Spider Nest
 38927 | Spider:4 | Noticed Louise
 38928 | Spider:4 | 38928 ||| Stepping ~*~*~tactically~*~*~ (hiding).
 38940 | Spider:4 | Killed Louise
 38941 | Spider:4 | 38941 ||| Stepping ~*~*~tactically~*~*~ (hiding).
 38949 | Spider:4 | 38949 ||| INVOKING Heroism.
 38968 | Spider:4 | 38968 ||| FLEEEEING.
 38969 | Spider:4 | 38969 ||| FLEEEEING.
 39330 | Spider:4 | Received a gift from Okawaru
 39454 | Spider:4 | 39454 ||| Stepping ~*~*~tactically~*~*~ (hiding).
 39635 | Spider:4 | 39635 ||| Stepping ~*~*~tactically~*~*~ (hiding).
 39643 | Spider:4 | Received a gift from Okawaru
 39644 | Spider:4 | 39644 ||| INVOKING Heroism.
 39656 | Spider:4 | 39656 ||| Stepping ~*~*~tactically~*~*~ (stealth).
 39658 | Spider:4 | 39658 ||| Stepping ~*~*~tactically~*~*~ (stealth).
 39901 | Spider:4 | Noticed Arachne
 39910 | Spider:4 | Killed Arachne
 39912 | Spider:4 | 39912 ||| DROPPING scarf of resistance.
 39928 | Spider:4 | 39928 ||| FLEEEEING.
 39929 | Spider:4 | 39929 ||| FLEEEEING.
 39989 | Spider:4 | 39989 ||| Stepping ~*~*~tactically~*~*~ (hiding).
 39990 | Spider:4 | 39990 ||| Stepping ~*~*~tactically~*~*~ (hiding).
 40038 | Spider:4 | Identified the +3 war axe of Okawaru {heavy, MP+9 SInv}
                  | (Okawaru gifted it to you on level 4 of the Spider Nest)
 40038 | Spider:4 | Received a gift from Okawaru
 40257 | Spider:4 | 40257 ||| Stepping ~*~*~tactically~*~*~ (hiding).
 40327 | Spider:4 | Got a gossamer rune of Zot
 40471 | Spider:4 | 40471 ||| Stepping ~*~*~tactically~*~*~ (hiding).
 40510 | Spider:4 | 40510 ||| Stepping ~*~*~tactically~*~*~ (stealth).
 40525 | Spider:4 | 40525 ||| Stepping ~*~*~tactically~*~*~ (stealth).
 40544 | Spider:4 | 40544 ||| INVOKING Finesse.
 40556 | Spider:4 | Reached skill level 6 in Dodging
 40723 | Spider:4 | 40723 ||| PLANNING DEPTHS
 40985 | Depths:1 | Entered Level 1 of the Depths
 40996 | Depths:1 | 40996 ||| INVOKING Heroism.
 41008 | Depths:1 | Reached skill level 21 in Shields
 41064 | Depths:1 | 41064 ||| Stepping ~*~*~tactically~*~*~ (hiding).
 41068 | Depths:1 | 41068 ||| INVOKING Heroism.
 41075 | Depths:1 | 41075 ||| Stepping ~*~*~tactically~*~*~ (hiding).
 41076 | Depths:1 | 41076 ||| Stepping ~*~*~tactically~*~*~ (hiding).
 41141 | Depths:1 | 41141 ||| Stepping ~*~*~tactically~*~*~ (stealth).
 41259 | Depths:1 | Identified the +3 ring mail of the Five Seas {Int+2}
 41267 | Depths:1 | 41267 ||| Stepping ~*~*~tactically~*~*~ (stealth).
 41270 | Depths:1 | 41270 ||| Stepping ~*~*~tactically~*~*~ (hiding).
 41273 | Depths:1 | 41273 ||| INVOKING Heroism.
 41303 | Depths:1 | 41303 ||| Stepping ~*~*~tactically~*~*~ (hiding).
 41320 | Depths:1 | Received a gift from Okawaru
 41356 | Depths:1 | 41356 ||| Stepping ~*~*~tactically~*~*~ (stealth).
 41358 | Depths:1 | 41358 ||| FLEEEEING.
 41364 | Depths:1 | 41364 ||| Stepping ~*~*~tactically~*~*~ (hiding).
 41379 | Depths:1 | 41379 ||| Stepping ~*~*~tactically~*~*~ (hiding).
 41387 | Depths:1 | Reached XP level 22. HP: 142/153 MP: 29/29
 41438 | Depths:1 | 41438 ||| READING scroll of acquirement.
 41438 | Depths:1 | 41438 ||| ACQUIRING +1 hat "Faxoiplak" {rF- rN++ Dex+3
                  | SInv}
 41438 | Depths:1 | Acquired the +1 hat "Faxoiplak" {rF- rN++ Dex+3 SInv}
 41480 | Depths:1 | 41480 ||| INVOKING Heroism.
 41496 | Depths:1 | Found a gateway to Hell.
 41497 | Depths:1 | 41497 ||| Stepping ~*~*~tactically~*~*~ (hiding).
 41545 | Depths:1 | 41545 ||| Stepping ~*~*~tactically~*~*~ (hiding).
 41560 | Depths:1 | Reached skill level 21 in Fighting
 41569 | Depths:1 | 41569 ||| FLEEEEING.
 41570 | Depths:1 | 41570 ||| FLEEEEING.
 41671 | Depths:1 | 41671 ||| INVOKING Finesse.
 41715 | Depths:1 | 41715 ||| Stepping ~*~*~tactically~*~*~ (stealth).
 41716 | Depths:1 | 41716 ||| Stepping ~*~*~tactically~*~*~ (stealth).
 41730 | Depths:1 | 41730 ||| Stepping ~*~*~tactically~*~*~ (stealth).
 41736 | Depths:1 | 41736 ||| Stepping ~*~*~tactically~*~*~ (stealth).
 41876 | Depths:1 | 41876 ||| Stepping ~*~*~tactically~*~*~ (hiding).
 41990 | Depths:1 | 41990 ||| INVOKING Heroism.
 41991 | Depths:1 | 41991 ||| INVOKING Finesse.
 41994 | Depths:1 | Received a gift from Okawaru
 42028 | Depths:1 | 42028 ||| Stepping ~*~*~tactically~*~*~ (stealth).
 42029 | Depths:1 | 42029 ||| Stepping ~*~*~tactically~*~*~ (stealth).
 42436 | Depths:2 | 42436 ||| FLEEEEING.
 42439 | Depths:2 | 42439 ||| INVOKING Heroism.
 42568 | Depths:2 | Found an ancient bone altar of Kikubaaqudgha.
 42736 | Depths:2 | 42736 ||| Stepping ~*~*~tactically~*~*~ (hiding).
 42863 | Depths:2 | 42863 ||| Stepping ~*~*~tactically~*~*~ (hiding).
 42876 | Depths:2 | 42876 ||| Stepping ~*~*~tactically~*~*~ (stealth).
 42885 | Depths:2 | Received a gift from Okawaru
 42906 | Depths:2 | 42906 ||| Stepping ~*~*~tactically~*~*~ (hiding).
 42911 | Depths:2 | Reached skill level 12 in Throwing
 42972 | Depths:2 | 42972 ||| Stepping ~*~*~tactically~*~*~ (stealth).
 42974 | Depths:2 | 42974 ||| INVOKING Heroism.
 42996 | Depths:2 | Found a one-way gate to the infinite horrors of the Abyss.
 42997 | Depths:2 | Found a one-way gateway to a ziggurat.
 43033 | Depths:2 | 43033 ||| FLEEEEING.
 43034 | Depths:2 | 43034 ||| FLEEEEING.
 43037 | Depths:2 | 43037 ||| FLEEEEING.
 43038 | Depths:2 | 43038 ||| FLEEEEING.
 43048 | Depths:2 | 43048 ||| STAIRDANCE
 43093 | Depths:1 | 43093 ||| DROPPING +1 cloak.
 43125 | Depths:2 | 43125 ||| INVOKING Heroism.
 43318 | Depths:2 | Received a gift from Okawaru
 43538 | Depths:2 | 43538 ||| Stepping ~*~*~tactically~*~*~ (hiding).
 43541 | Depths:2 | 43541 ||| INVOKING Heroism.
 43631 | Depths:2 | Found a one-way gate leading to the halls of Pandemonium.
 43700 | Depths:2 | 43700 ||| DROPPING +6 ring of strength.
 43701 | Depths:2 | 43701 ||| DROPPING 13 boomerangs.
 43702 | Depths:2 | 43702 ||| DROPPING 2 silver boomerangs.
 43728 | Depths:3 | 43728 ||| PLANNING WIZLAB
 43812 | Depths:3 | 43812 ||| Stepping ~*~*~tactically~*~*~ (hiding).
 43816 | Depths:3 | 43816 ||| INVOKING Heroism.
 43914 | Depths:3 | 43914 ||| INVOKING Heroism.
 44127 | Depths:3 | 44127 ||| Stepping ~*~*~tactically~*~*~ (stealth).
 44139 | Depths:3 | 44139 ||| INVOKING Heroism.
 44177 | Depths:3 | 44177 ||| Stepping ~*~*~tactically~*~*~ (stealth).
 44183 | Depths:3 | 44183 ||| INVOKING Heroism.
 44354 | Depths:3 | 44354 ||| INVOKING Heroism.
 44356 | Depths:3 | Noticed a juggernaut
 44356 | Depths:3 | Noticed a golden dragon
 44358 | Depths:3 | Noticed a caustic shrike
 44361 | Depths:3 | Killed a golden dragon
 44362 | Depths:3 | HP: 32/156 [juggernaut (32)]
 44363 | Depths:3 | 44363 ||| READING 8 scrolls of teleportation.
 44364 | Depths:3 | 44364 ||| DRINKING 9 potions of heal wounds.
 44365 | Depths:3 | 44365 ||| DRINKING 8 potions of heal wounds.
 44404 | Depths:3 | 44404 ||| INVOKING Heroism.
 44409 | Depths:3 | Killed a caustic shrike
 44508 | Depths:3 | 44508 ||| INVOKING Heroism.
 44515 | Depths:3 | Killed a juggernaut
 44549 | Depths:3 | 44549 ||| RIP WIZLAB
 44599 | Depths:3 | 44599 ||| PLANNING DEPTHS
 44620 | Depths:3 | 44620 ||| Stepping ~*~*~tactically~*~*~ (stealth).
 44622 | Depths:3 | 44622 ||| INVOKING Heroism.
 44631 | Depths:3 | Reached skill level 22 in Fighting
 44637 | Depths:3 | Noticed a caustic shrike
 44651 | Depths:3 | Killed a caustic shrike
 44652 | Depths:3 | 44652 ||| Stepping ~*~*~tactically~*~*~ (hiding).
 44665 | Depths:3 | 44665 ||| Stepping ~*~*~tactically~*~*~ (hiding).
 44667 | Depths:3 | HP: 36/156 [tengu reaver/+0 great mace (10)]
 44668 | Depths:3 | 44668 ||| READING 7 scrolls of teleportation.
 44669 | Depths:3 | 44669 ||| DRINKING 7 potions of heal wounds.
 44670 | Depths:3 | Received a gift from Okawaru
 44893 | Depths:3 | 44893 ||| Stepping ~*~*~tactically~*~*~ (hiding).
 44986 | Depths:3 | 44986 ||| Stepping ~*~*~tactically~*~*~ (stealth).
 45021 | Depths:3 | 45021 ||| INVOKING Heroism.
 45034 | Depths:3 | 45034 ||| Stepping ~*~*~tactically~*~*~ (stealth).
 45039 | Depths:3 | 45039 ||| Stepping ~*~*~tactically~*~*~ (stealth).
 45045 | Depths:3 | 45045 ||| Stepping ~*~*~tactically~*~*~ (stealth).
 45046 | Depths:3 | 45046 ||| Stepping ~*~*~tactically~*~*~ (stealth).
 45047 | Depths:3 | 45047 ||| Stepping ~*~*~tactically~*~*~ (stealth).
 45060 | Depths:3 | 45060 ||| Stepping ~*~*~tactically~*~*~ (stealth).
 45092 | Depths:3 | 45092 ||| Stepping ~*~*~tactically~*~*~ (hiding).
 45094 | Depths:3 | 45094 ||| Stepping ~*~*~tactically~*~*~ (hiding).
 45120 | Depths:3 | 45120 ||| INVOKING Heroism.
 45124 | Depths:3 | Reached XP level 23. HP: 121/162 MP: 27/30
 45141 | Depths:3 | 45141 ||| Stepping ~*~*~tactically~*~*~ (stealth).
 45145 | Depths:3 | 45145 ||| Stepping ~*~*~tactically~*~*~ (stealth).
 45146 | Depths:3 | 45146 ||| Stepping ~*~*~tactically~*~*~ (stealth).
 45151 | Depths:3 | 45151 ||| Stepping ~*~*~tactically~*~*~ (stealth).
 45234 | Depths:3 | 45234 ||| INVOKING Heroism.
 45238 | Depths:3 | 45238 ||| FLEEEEING.
 45239 | Depths:3 | 45239 ||| FLEEEEING.
 45242 | Depths:3 | 45242 ||| FLEEEEING.
 45243 | Depths:3 | 45243 ||| FLEEEEING.
 45247 | Depths:3 | 45247 ||| FLEEEEING.
 45248 | Depths:3 | 45248 ||| FLEEEEING.
 45250 | Depths:3 | 45250 ||| FLEEEEING.
 45251 | Depths:3 | 45251 ||| FLEEEEING.
 45253 | Depths:3 | 45253 ||| FLEEEEING.
 45258 | Depths:3 | 45258 ||| Stepping ~*~*~tactically~*~*~ (hiding).
 45260 | Depths:3 | 45260 ||| Stepping ~*~*~tactically~*~*~ (hiding).
 45269 | Depths:3 | HP: 13/162 [frost giant/bolt of cold (41)]
 45270 | Depths:3 | 45270 ||| READING 6 scrolls of teleportation.
 45271 | Depths:3 | 45271 ||| DRINKING 6 potions of heal wounds.
 45273 | Depths:3 | 45273 ||| DRINKING 5 potions of heal wounds.
 45532 | Depths:3 | 45532 ||| Stepping ~*~*~tactically~*~*~ (stealth).
 45676 | Depths:3 | 45676 ||| Stepping ~*~*~tactically~*~*~ (hiding).
 45692 | Depths:3 | 45692 ||| Stepping ~*~*~tactically~*~*~ (stealth).
 45707 | Depths:3 | 45707 ||| UPGRADING to amulet of the Four Winds {rN+
                  | Will+++ Clar}.
 45717 | Depths:3 | 45717 ||| UPGRADING to +0 pair of gloves of the Vestibule
                  | of Hell {rPois Will- Dex+6}.
 45730 | Depths:3 | 45730 ||| Stepping ~*~*~tactically~*~*~ (stealth).
 45732 | Depths:3 | 45732 ||| INVOKING Heroism.
 45751 | Depths:3 | Received a gift from Okawaru
 45821 | Depths:3 | 45821 ||| Stepping ~*~*~tactically~*~*~ (hiding).
 45920 | Depths:3 | 45920 ||| Stepping ~*~*~tactically~*~*~ (hiding).
 45936 | Depths:3 | 45936 ||| INVOKING Heroism.
 45977 | Depths:3 | 45977 ||| Stepping ~*~*~tactically~*~*~ (stealth).
 45982 | Depths:3 | 45982 ||| Stepping ~*~*~tactically~*~*~ (stealth).
 45983 | Depths:3 | 45983 ||| Stepping ~*~*~tactically~*~*~ (stealth).
 45984 | Depths:3 | 45984 ||| Stepping ~*~*~tactically~*~*~ (stealth).
 45988 | Depths:3 | 45988 ||| Stepping ~*~*~tactically~*~*~ (hiding).
 45990 | Depths:3 | 45990 ||| Stepping ~*~*~tactically~*~*~ (hiding).
 46137 | Depths:3 | Found a sacrificial altar of Ru.
 46200 | Depths:3 | Received a gift from Okawaru
 46545 | Depths:4 | Entered Level 4 of the Depths
 46546 | Depths:4 | 46546 ||| INVOKING Heroism.
 46724 | Depths:4 | 46724 ||| Stepping ~*~*~tactically~*~*~ (hiding).
 46746 | Depths:4 | 46746 ||| FLEEEEING.
 46747 | Depths:4 | 46747 ||| FLEEEEING.
 46748 | Depths:4 | 46748 ||| FLEEEEING.
 46749 | Depths:4 | 46749 ||| FLEEEEING.
 46753 | Depths:4 | 46753 ||| Stepping ~*~*~tactically~*~*~ (stealth).
 46757 | Depths:4 | 46757 ||| FLEEEEING.
 46758 | Depths:4 | 46758 ||| FLEEEEING.
 46759 | Depths:4 | 46759 ||| FLEEEEING.
 46760 | Depths:4 | 46760 ||| FLEEEEING.
 46761 | Depths:4 | 46761 ||| FLEEEEING.
 46762 | Depths:4 | 46762 ||| FLEEEEING.
 46763 | Depths:4 | 46763 ||| FLEEEEING.
 46764 | Depths:4 | 46764 ||| FLEEEEING.
 46765 | Depths:4 | 46765 ||| STAIRDANCE
 46853 | Depths:4 | 46853 ||| INVOKING Heroism.
 46874 | Depths:4 | 46874 ||| Stepping ~*~*~tactically~*~*~ (stealth).
 46875 | Depths:4 | 46875 ||| Stepping ~*~*~tactically~*~*~ (stealth).
 46953 | Depths:4 | Reached skill level 9 in Dodging
 46989 | Depths:4 | 46989 ||| Stepping ~*~*~tactically~*~*~ (hiding).
 46995 | Depths:4 | 46995 ||| INVOKING Heroism.
 47009 | Depths:4 | Received a gift from Okawaru
 47014 | Depths:4 | 47014 ||| Stepping ~*~*~tactically~*~*~ (stealth).
 47037 | Depths:4 | 47037 ||| INVOKING Heroism.
 47039 | Depths:4 | Reached skill level 21 in Armour
 47088 | Depths:4 | 47088 ||| FLEEEEING.
 47154 | Depths:4 | 47154 ||| Stepping ~*~*~tactically~*~*~ (stealth).
 47156 | Depths:4 | 47156 ||| Stepping ~*~*~tactically~*~*~ (stealth).
 47192 | Depths:4 | 47192 ||| Stepping ~*~*~tactically~*~*~ (stealth).
 47235 | Depths:4 | 47235 ||| Stepping ~*~*~tactically~*~*~ (stealth).
 47239 | Depths:4 | 47239 ||| Stepping ~*~*~tactically~*~*~ (stealth).
 47255 | Depths:4 | 47255 ||| Stepping ~*~*~tactically~*~*~ (hiding).
 47318 | Depths:4 | 47318 ||| Stepping ~*~*~tactically~*~*~ (hiding).
 47512 | Depths:4 | Noticed a golden dragon
 47513 | Depths:4 | 47513 ||| Stepping ~*~*~tactically~*~*~ (stealth).
 47514 | Depths:4 | 47514 ||| INVOKING Heroism.
 47519 | Depths:4 | Killed a golden dragon
 47582 | Depths:4 | 47582 ||| Stepping ~*~*~tactically~*~*~ (hiding).
 47673 | Depths:4 | 47673 ||| Stepping ~*~*~tactically~*~*~ (hiding).
 47687 | Depths:4 | 47687 ||| Stepping ~*~*~tactically~*~*~ (stealth).
 47688 | Depths:4 | 47688 ||| Stepping ~*~*~tactically~*~*~ (stealth).
 47703 | Depths:4 | Found a gate to the Realm of Zot.
 47703 | Depths:4 | Identified the ring of Rirumno {Int+5 Dex-2 SInv}
 47703 | Depths:4 | Identified the ring "Azxet" {rPois rC+ Will++ rCorr Dex-4}
 47736 | Depths:4 | 47736 ||| INVOKING Heroism.
 47807 | Depths:4 | 47807 ||| INVOKING Heroism.
 47989 | Depths:4 | Identified the +2 pair of gloves of Yredelemnul's Reproof
                  | {Int+7}
 48071 | Depths:4 | 48071 ||| INVOKING Heroism.
 48084 | Depths:4 | Noticed a golden dragon
 48090 | Depths:4 | 48090 ||| Stepping ~*~*~tactically~*~*~ (cloud).
 48091 | Depths:4 | 48091 ||| Stepping ~*~*~tactically~*~*~ (cloud).
 48096 | Depths:4 | Killed a golden dragon
 48118 | Depths:4 | Noticed a golden dragon
 48128 | Depths:4 | Killed a golden dragon
 48353 | Depths:4 | 48353 ||| Stepping ~*~*~tactically~*~*~ (hiding).
 48354 | Depths:4 | 48354 ||| Stepping ~*~*~tactically~*~*~ (hiding).
 48481 | Depths:4 | 48481 ||| PLANNING VAULTS:5
 48481 | Depths:4 | 48481 ||| DROPPING +2 pair of gloves.
 48491 | Depths:3 | 48491 ||| INVOKING Heroism.
 48899 | Vaults:5 | Entered Level 5 of the Vaults
 48904 | Vaults:5 | 48904 ||| INVOKING Heroism.
 48906 | Vaults:5 | Reached XP level 24. HP: 158/170 MP: 28/30
 48909 | Vaults:5 | Reached skill level 23 in Fighting
 48916 | Vaults:5 | Received a gift from Okawaru
 48929 | Vaults:5 | 48929 ||| STAIRDANCE
 49110 | Vaults:5 | 49110 ||| INVOKING Heroism.
 49119 | Vaults:5 | 49119 ||| INVOKING Finesse.
 49245 | Vaults:5 | 49245 ||| Stepping ~*~*~tactically~*~*~ (stealth).
 49247 | Vaults:5 | 49247 ||| INVOKING Heroism.
 49259 | Vaults:5 | 49259 ||| Stepping ~*~*~tactically~*~*~ (hiding).
 49262 | Vaults:5 | 49262 ||| Stepping ~*~*~tactically~*~*~ (hiding).
 49263 | Vaults:5 | 49263 ||| Stepping ~*~*~tactically~*~*~ (hiding).
 49302 | Vaults:5 | 49302 ||| Stepping ~*~*~tactically~*~*~ (stealth).
 49303 | Vaults:5 | 49303 ||| Stepping ~*~*~tactically~*~*~ (stealth).
 49429 | Vaults:5 | Found the ring of the Mage {Wiz Archmagi}
 49446 | Vaults:5 | 49446 ||| INVOKING Heroism.
 49451 | Vaults:5 | 49451 ||| INVOKING Finesse.
 49546 | Vaults:5 | 49546 ||| Stepping ~*~*~tactically~*~*~ (hiding).
 49562 | Vaults:5 | 49562 ||| INVOKING Heroism.
 49571 | Vaults:5 | 49571 ||| Stepping ~*~*~tactically~*~*~ (hiding).
 49578 | Vaults:5 | Received a gift from Okawaru
 49581 | Vaults:5 | a titan changed into a caustic shrike
 49581 | Vaults:5 | Noticed a caustic shrike (glowing shapeshifter)
 49587 | Vaults:5 | a caustic shrike changed into an iron dragon
 49713 | Vaults:5 | 49713 ||| FLEEEEING.
 49714 | Vaults:5 | 49714 ||| Stepping ~*~*~tactically~*~*~ (hiding).
 49733 | Vaults:5 | 49733 ||| Stepping ~*~*~tactically~*~*~ (hiding).
 49734 | Vaults:5 | 49734 ||| FLEEEEING.
 49747 | Vaults:5 | 49747 ||| INVOKING Heroism.
 49772 | Vaults:5 | Received a gift from Okawaru
 49803 | Vaults:5 | 49803 ||| FLEEEEING.
 49804 | Vaults:5 | 49804 ||| FLEEEEING.
 49805 | Vaults:5 | 49805 ||| FLEEEEING.
 49806 | Vaults:5 | 49806 ||| FLEEEEING.
 49807 | Vaults:5 | 49807 ||| FLEEEEING.
 49808 | Vaults:5 | 49808 ||| FLEEEEING.
 49809 | Vaults:5 | 49809 ||| FLEEEEING.
 49810 | Vaults:5 | 49810 ||| INVOKING Heroism.
 49814 | Vaults:5 | 49814 ||| Stepping ~*~*~tactically~*~*~ (hiding).
 49819 | Vaults:5 | 49819 ||| FLEEEEING.
 49820 | Vaults:5 | 49820 ||| FLEEEEING.
 49821 | Vaults:5 | 49821 ||| FLEEEEING.
 49822 | Vaults:5 | 49822 ||| FLEEEEING.
 49823 | Vaults:5 | 49823 ||| FLEEEEING.
 49824 | Vaults:5 | 49824 ||| FLEEEEING.
 49825 | Vaults:5 | 49825 ||| FLEEEEING.
 49826 | Vaults:5 | 49826 ||| FLEEEEING.
 49827 | Vaults:5 | 49827 ||| FLEEEEING.
 49828 | Vaults:5 | 49828 ||| FLEEEEING.
 49829 | Vaults:5 | 49829 ||| FLEEEEING.
 49830 | Vaults:5 | 49830 ||| FLEEEEING.
 49836 | Vaults:5 | 49836 ||| Stepping ~*~*~tactically~*~*~ (stealth).
 49837 | Vaults:5 | 49837 ||| Stepping ~*~*~tactically~*~*~ (stealth).
 49841 | Vaults:5 | 49841 ||| FLEEEEING.
 49842 | Vaults:5 | 49842 ||| FLEEEEING.
 49843 | Vaults:5 | 49843 ||| STAIRDANCE
 50031 | Vaults:5 | 50031 ||| STAIRDANCE
 50090 | Vaults:5 | 50090 ||| STAIRDANCE
 50176 | Vaults:5 | 50176 ||| Stepping ~*~*~tactically~*~*~ (hiding).
 50177 | Vaults:5 | 50177 ||| Stepping ~*~*~tactically~*~*~ (hiding).
 50178 | Vaults:5 | 50178 ||| Stepping ~*~*~tactically~*~*~ (hiding).
 50179 | Vaults:5 | 50179 ||| Stepping ~*~*~tactically~*~*~ (hiding).
 50183 | Vaults:5 | 50183 ||| Stepping ~*~*~tactically~*~*~ (hiding).
 50320 | Vaults:5 | Received a gift from Okawaru
 50491 | Vaults:5 | 50491 ||| Stepping ~*~*~tactically~*~*~ (stealth).
 50492 | Vaults:5 | 50492 ||| Stepping ~*~*~tactically~*~*~ (stealth).
 50494 | Vaults:5 | 50494 ||| Stepping ~*~*~tactically~*~*~ (hiding).
 50496 | Vaults:5 | 50496 ||| INVOKING Heroism.
 50600 | Vaults:5 | 50600 ||| Stepping ~*~*~tactically~*~*~ (hiding).
 50606 | Vaults:5 | 50606 ||| INVOKING Heroism.
 50663 | Vaults:5 | 50663 ||| Stepping ~*~*~tactically~*~*~ (hiding).
 50739 | Vaults:5 | 50739 ||| Stepping ~*~*~tactically~*~*~ (stealth).
 50742 | Vaults:5 | 50742 ||| Stepping ~*~*~tactically~*~*~ (stealth).
 50743 | Vaults:5 | 50743 ||| Stepping ~*~*~tactically~*~*~ (stealth).
 50772 | Vaults:5 | 50772 ||| INVOKING Heroism.
 50776 | Vaults:5 | Received a gift from Okawaru
 50798 | Vaults:5 | Identified the +4 short sword of the Harvest {vamp, Int+2
                  | Dex+2}
 50800 | Vaults:5 | Got a silver rune of Zot
 50913 | Vaults:5 | 50913 ||| INVOKING Heroism.
 50921 | Vaults:5 | Reached skill level 24 in Fighting
 50925 | Vaults:5 | 50925 ||| Stepping ~*~*~tactically~*~*~ (stealth).
 50926 | Vaults:5 | 50926 ||| Stepping ~*~*~tactically~*~*~ (stealth).
 50942 | Vaults:5 | 50942 ||| Stepping ~*~*~tactically~*~*~ (stealth).
 50943 | Vaults:5 | 50943 ||| Stepping ~*~*~tactically~*~*~ (stealth).
 51017 | Vaults:5 | Identified the +6 spear of a sewer {venom, rElec rN++}
 51087 | Vaults:5 | 51087 ||| INVOKING Heroism.
 51165 | Vaults:5 | 51165 ||| Stepping ~*~*~tactically~*~*~ (stealth).
 51170 | Vaults:5 | 51170 ||| Stepping ~*~*~tactically~*~*~ (hiding).
 51304 | Vaults:5 | Identified the staff of conjuration "Nuozigg" {Int+5 Dex+2}
 51312 | Vaults:5 | 51312 ||| Stepping ~*~*~tactically~*~*~ (hiding).
 51313 | Vaults:5 | 51313 ||| Stepping ~*~*~tactically~*~*~ (hiding).
 51327 | Vaults:5 | 51327 ||| FLEEEEING.
 51328 | Vaults:5 | 51328 ||| FLEEEEING.
 51329 | Vaults:5 | 51329 ||| FLEEEEING.
 51330 | Vaults:5 | 51330 ||| FLEEEEING.
 51332 | Vaults:5 | 51332 ||| FLEEEEING.
 51334 | Vaults:5 | 51334 ||| FLEEEEING.
 51335 | Vaults:5 | 51335 ||| FLEEEEING.
 51336 | Vaults:5 | 51336 ||| FLEEEEING.
 51337 | Vaults:5 | 51337 ||| FLEEEEING.
 51338 | Vaults:5 | 51338 ||| FLEEEEING.
 51339 | Vaults:5 | 51339 ||| FLEEEEING.
 51340 | Vaults:5 | 51340 ||| FLEEEEING.
 51341 | Vaults:5 | 51341 ||| FLEEEEING.
 51342 | Vaults:5 | 51342 ||| FLEEEEING.
 51343 | Vaults:5 | 51343 ||| FLEEEEING.
 51344 | Vaults:5 | 51344 ||| FLEEEEING.
 51345 | Vaults:5 | 51345 ||| FLEEEEING.
 51346 | Vaults:5 | 51346 ||| FLEEEEING.
 51347 | Vaults:5 | 51347 ||| FLEEEEING.
 51348 | Vaults:5 | 51348 ||| FLEEEEING.
 51349 | Vaults:5 | 51349 ||| FLEEEEING.
 51350 | Vaults:5 | 51350 ||| FLEEEEING.
 51351 | Vaults:5 | 51351 ||| FLEEEEING.
 51352 | Vaults:5 | 51352 ||| FLEEEEING.
 51353 | Vaults:5 | 51353 ||| STAIRDANCE
 51399 | Vaults:4 | 51399 ||| DROPPING +1 chain mail of cold resistance.
 51400 | Vaults:4 | 51400 ||| DROPPING +0 shadow dragon scales.
 51401 | Vaults:4 | 51401 ||| DROPPING +0 ice dragon scales.
 51402 | Vaults:4 | 51402 ||| DROPPING +2 pair of boots of rampaging.
 51403 | Vaults:4 | 51403 ||| UPGRADING to +0 gold dragon scales.
 51413 | Vaults:4 | 51413 ||| DROPPING +1 plate armour of the Prince of
                  | Darkness {rElec rF+ Stlth-}.
 51414 | Vaults:4 | 51414 ||| READING 6 scrolls of enchant armour.
 51414 | Vaults:4 | 51414 ||| ENCHANTING +0 gold dragon scales.
 51415 | Vaults:4 | 51415 ||| DROPPING +1 chain mail of the Pits of Slime {rC-
                  | Regen+ Int+3 Dex+3}.
 51416 | Vaults:4 | 51416 ||| READING 5 scrolls of enchant armour.
 51416 | Vaults:4 | 51416 ||| ENCHANTING +1 gold dragon scales.
 51417 | Vaults:4 | 51417 ||| READING 4 scrolls of enchant armour.
 51417 | Vaults:4 | 51417 ||| ENCHANTING +2 gold dragon scales.
 51418 | Vaults:4 | 51418 ||| READING 3 scrolls of enchant armour.
 51418 | Vaults:4 | 51418 ||| ENCHANTING +3 gold dragon scales.
 51419 | Vaults:4 | 51419 ||| DROPPING +6 plate armour of ponderousness.
 51420 | Vaults:4 | 51420 ||| READING 2 scrolls of enchant armour.
 51420 | Vaults:4 | 51420 ||| ENCHANTING +4 gold dragon scales.
 51421 | Vaults:4 | 51421 ||| READING scroll of enchant armour.
 51421 | Vaults:4 | 51421 ||| ENCHANTING +5 gold dragon scales.
 51422 | Vaults:4 | 51422 ||| DROPPING ring of fire.
 51423 | Vaults:4 | 51423 ||| DROPPING 10 boomerangs of dispersal.
 51424 | Vaults:4 | 51424 ||| DROPPING 2 boomerangs.
 51662 | Vaults:5 | 51662 ||| Stepping ~*~*~tactically~*~*~ (hiding).
 51665 | Vaults:5 | 51665 ||| INVOKING Heroism.
 51688 | Vaults:5 | 51688 ||| Stepping ~*~*~tactically~*~*~ (stealth).
 51695 | Vaults:5 | 51695 ||| FLEEEEING.
 51696 | Vaults:5 | 51696 ||| FLEEEEING.
 51697 | Vaults:5 | 51697 ||| FLEEEEING.
 51702 | Vaults:5 | 51702 ||| Stepping ~*~*~tactically~*~*~ (stealth).
 51739 | Vaults:5 | 51739 ||| Stepping ~*~*~tactically~*~*~ (stealth).
 51740 | Vaults:5 | 51740 ||| Stepping ~*~*~tactically~*~*~ (stealth).
 51742 | Vaults:5 | 51742 ||| Stepping ~*~*~tactically~*~*~ (stealth).
 51909 | Vaults:5 | 51909 ||| PLANNING SHOPPING SPREE
 52360 | D:3      | 52360 ||| BUYING potion of attraction (42 gold).
 52360 | D:3      | Bought a potion of attraction for 42 gold pieces
 52384 | D:3      | 52384 ||| BUYING potion of haste (120 gold).
 52384 | D:3      | Bought a potion of haste for 120 gold pieces
 52384 | D:3      | 52384 ||| BUYING potion of haste (120 gold).
 52384 | D:3      | Bought a potion of haste for 120 gold pieces
 52384 | D:3      | 52384 ||| BUYING potion of heal wounds (60 gold).
 52384 | D:3      | Bought a potion of heal wounds for 60 gold pieces
 52384 | D:3      | 52384 ||| BUYING potion of resistance (120 gold).
 52384 | D:3      | Bought a potion of resistance for 120 gold pieces
 52479 | D:7      | 52479 ||| BUYING potion of magic (104 gold).
 52479 | D:7      | Bought a potion of magic for 104 gold pieces
 52581 | D:3      | 52581 ||| PLANNING ZOT:1-4
 52983 | Depths:4 | 52983 ||| Stepping ~*~*~tactically~*~*~ (stealth).
 53042 | Zot:1    | Entered Level 1 of the Realm of Zot
 53048 | Zot:1    | 53048 ||| INVOKING Heroism.
 53062 | Zot:1    | Reached XP level 25. HP: 169/178 MP: 30/30
 53081 | Zot:1    | Received a gift from Okawaru
 53126 | Zot:1    | 53126 ||| INVOKING Heroism.
 53178 | Zot:1    | 53178 ||| Stepping ~*~*~tactically~*~*~ (stealth).
 53225 | Zot:1    | 53225 ||| INVOKING Heroism.
 53266 | Zot:1    | 53266 ||| FLEEEEING.
 53267 | Zot:1    | 53267 ||| FLEEEEING.
 53268 | Zot:1    | 53268 ||| FLEEEEING.
 53272 | Zot:1    | 53272 ||| STAIRDANCE
 53571 | Zot:1    | 53571 ||| INVOKING Heroism.
 53631 | Zot:1    | Noticed an orb of fire
 53631 | Zot:1    | Gained mutation: You are weak. (Str -2) [an orb of fire]
 53632 | Zot:1    | 53632 ||| DRINKING 3 potions of resistance.
 53633 | Zot:1    | 53633 ||| INVOKING Heroism.
 53634 | Zot:1    | Gained mutation: You expend magic power (3 MP) to
                  | strengthen your wands. [an orb of fire]
 53645 | Zot:1    | Gained mutation: You occasionally shout uncontrollably at
                  | your foes. [an orb of fire]
 53651 | Zot:1    | Killed an orb of fire
 53652 | Zot:1    | Reached skill level 25 in Fighting
 53831 | Zot:1    | 53831 ||| INVOKING Heroism.
 53948 | Zot:1    | 53948 ||| INVOKING Heroism.
 54061 | Zot:1    | Received a gift from Okawaru
 54075 | Zot:1    | 54075 ||| FLEEEEING.
 54076 | Zot:1    | 54076 ||| FLEEEEING.
 54080 | Zot:1    | 54080 ||| Stepping ~*~*~tactically~*~*~ (hiding).
 54081 | Zot:1    | 54081 ||| Stepping ~*~*~tactically~*~*~ (hiding).
 54088 | Zot:1    | 54088 ||| Stepping ~*~*~tactically~*~*~ (hiding).
 54090 | Zot:1    | 54090 ||| Stepping ~*~*~tactically~*~*~ (hiding).
 54092 | Zot:1    | 54092 ||| Stepping ~*~*~tactically~*~*~ (hiding).
 54095 | Zot:1    | 54095 ||| Stepping ~*~*~tactically~*~*~ (hiding).
 54551 | Zot:2    | 54551 ||| INVOKING Heroism.
 54584 | Zot:2    | 54584 ||| Stepping ~*~*~tactically~*~*~ (stealth).
 54598 | Zot:2    | 54598 ||| INVOKING Heroism.
 54606 | Zot:2    | 54606 ||| Stepping ~*~*~tactically~*~*~ (hiding).
 54625 | Zot:2    | Received a gift from Okawaru
 54626 | Zot:2    | Reached skill level 15 in Throwing
 54632 | Zot:2    | 54632 ||| INVOKING Heroism.
 54696 | Zot:2    | 54696 ||| FLEEEEING.
 54698 | Zot:2    | 54698 ||| FLEEEEING.
 54699 | Zot:2    | 54699 ||| FLEEEEING.
 54700 | Zot:2    | 54700 ||| FLEEEEING.
 54701 | Zot:2    | 54701 ||| FLEEEEING.
 54702 | Zot:2    | 54702 ||| STAIRDANCE
 54883 | Zot:2    | 54883 ||| Stepping ~*~*~tactically~*~*~ (stealth).
 54884 | Zot:2    | 54884 ||| Stepping ~*~*~tactically~*~*~ (stealth).
 54885 | Zot:2    | 54885 ||| Stepping ~*~*~tactically~*~*~ (stealth).
 55071 | Zot:2    | 55071 ||| INVOKING Heroism.
 55357 | Zot:2    | 55357 ||| Stepping ~*~*~tactically~*~*~ (hiding).
 55358 | Zot:2    | 55358 ||| Stepping ~*~*~tactically~*~*~ (hiding).
 55389 | Zot:2    | 55389 ||| INVOKING Heroism.
 55419 | Zot:2    | 55419 ||| INVOKING Heroism.
 55815 | Zot:3    | 55815 ||| INVOKING Heroism.
 55871 | Zot:3    | 55871 ||| FLEEEEING.
 55872 | Zot:3    | 55872 ||| FLEEEEING.
 55884 | Zot:3    | 55884 ||| Stepping ~*~*~tactically~*~*~ (stealth).
 55885 | Zot:3    | 55885 ||| Stepping ~*~*~tactically~*~*~ (stealth).
 55886 | Zot:3    | 55886 ||| Stepping ~*~*~tactically~*~*~ (stealth).
 55887 | Zot:3    | 55887 ||| Stepping ~*~*~tactically~*~*~ (stealth).
 55888 | Zot:3    | 55888 ||| INVOKING Heroism.
 55896 | Zot:3    | Reached skill level 26 in Fighting
 55896 | Zot:3    | 55896 ||| Stepping ~*~*~tactically~*~*~ (hiding).
 55905 | Zot:3    | 55905 ||| Stepping ~*~*~tactically~*~*~ (hiding).
 55906 | Zot:3    | 55906 ||| Stepping ~*~*~tactically~*~*~ (hiding).
 55932 | Zot:3    | HP: 28/184 [red draconian scorcher/damnation (42)]
 55933 | Zot:3    | 55933 ||| READING 8 scrolls of teleportation.
 55934 | Zot:3    | 55934 ||| DRINKING 5 potions of heal wounds.
 55938 | Zot:3    | 55938 ||| INVOKING Heroism.
 55939 | Zot:3    | HP: 37/184 [red draconian scorcher/+0 dagger (11)]
 55940 | Zot:3    | 55940 ||| DRINKING 4 potions of heal wounds.
 55948 | Zot:3    | 55948 ||| Stepping ~*~*~tactically~*~*~ (hiding).
 55949 | Zot:3    | 55949 ||| Stepping ~*~*~tactically~*~*~ (hiding).
 55961 | Zot:3    | 55961 ||| Stepping ~*~*~tactically~*~*~ (stealth).
 55974 | Zot:3    | 55974 ||| Stepping ~*~*~tactically~*~*~ (stealth).
 55976 | Zot:3    | 55976 ||| Stepping ~*~*~tactically~*~*~ (stealth).
 55977 | Zot:3    | 55977 ||| Stepping ~*~*~tactically~*~*~ (stealth).
 55978 | Zot:3    | 55978 ||| Stepping ~*~*~tactically~*~*~ (stealth).
 55980 | Zot:3    | 55980 ||| Stepping ~*~*~tactically~*~*~ (stealth).
 55999 | Zot:3    | 55999 ||| INVOKING Heroism.
 56016 | Zot:3    | HP: 43/184 [tentacled monstrosity (12)]
 56017 | Zot:3    | 56017 ||| READING 7 scrolls of teleportation.
 56018 | Zot:3    | 56018 ||| DRINKING 3 potions of heal wounds.
 56022 | Zot:3    | 56022 ||| FLEEEEING.
 56023 | Zot:3    | 56023 ||| FLEEEEING.
 56024 | Zot:3    | 56024 ||| FLEEEEING.
 56026 | Zot:3    | 56026 ||| Stepping ~*~*~tactically~*~*~ (hiding).
 56041 | Zot:3    | 56041 ||| Stepping ~*~*~tactically~*~*~ (hiding).
 56042 | Zot:3    | 56042 ||| Stepping ~*~*~tactically~*~*~ (hiding).
 56043 | Zot:3    | 56043 ||| Stepping ~*~*~tactically~*~*~ (hiding).
 56044 | Zot:3    | 56044 ||| Stepping ~*~*~tactically~*~*~ (hiding).
 56052 | Zot:3    | 56052 ||| INVOKING Heroism.
 56246 | Zot:3    | 56246 ||| Stepping ~*~*~tactically~*~*~ (stealth).
 56381 | Zot:3    | 56381 ||| READING scroll of enchant armour.
 56381 | Zot:3    | 56381 ||| ENCHANTING +6 gold dragon scales.
 56483 | Zot:3    | 56483 ||| Stepping ~*~*~tactically~*~*~ (stealth).
 56484 | Zot:3    | 56484 ||| Stepping ~*~*~tactically~*~*~ (stealth).
 56692 | Zot:3    | Found a large runed translucent door.
 56693 | Zot:3    | Found a large runed translucent door.
 56694 | Zot:3    | Noticed qw's ghost (veteran GrFi)
 56759 | Zot:4    | 56759 ||| READING scroll of enchant armour.
 56759 | Zot:4    | 56759 ||| ENCHANTING +7 gold dragon scales.
 56800 | Zot:4    | Received a gift from Okawaru
 56853 | Zot:4    | Reached XP level 26. HP: 192/192 MP: 16/30
 57048 | Zot:4    | 57048 ||| Stepping ~*~*~tactically~*~*~ (hiding).
 57049 | Zot:4    | 57049 ||| Stepping ~*~*~tactically~*~*~ (hiding).
 57232 | Zot:4    | 57232 ||| INVOKING Heroism.
 57359 | Zot:4    | 57359 ||| INVOKING Heroism.
 57567 | Zot:4    | 57567 ||| INVOKING Heroism.
 57585 | Zot:4    | Noticed a shard shrike
 57600 | Zot:4    | Killed a shard shrike
 57606 | Zot:4    | 57606 ||| Stepping ~*~*~tactically~*~*~ (stealth).
 57607 | Zot:4    | 57607 ||| INVOKING Heroism.
 57607 | Zot:4    | HP: 47/192 [something/blast of cold (12)]
 57608 | Zot:4    | 57608 ||| READING 6 scrolls of teleportation.
 57609 | Zot:4    | 57609 ||| DRINKING 2 potions of heal wounds.
 57933 | Zot:4    | 57933 ||| FLEEEEING.
 57934 | Zot:4    | 57934 ||| FLEEEEING.
 57934 | Zot:4    | Noticed a shard shrike
 57935 | Zot:4    | 57935 ||| INVOKING Heroism.
 57941 | Zot:4    | Killed a shard shrike
 57946 | Zot:4    | Reached skill level 27 in Fighting
 57974 | Zot:4    | 57974 ||| INVOKING Heroism.
 58390 | Zot:4    | 58390 ||| Stepping ~*~*~tactically~*~*~ (hiding).
 58392 | Zot:4    | 58392 ||| Stepping ~*~*~tactically~*~*~ (hiding).
 58401 | Zot:4    | 58401 ||| Stepping ~*~*~tactically~*~*~ (hiding).
 58418 | Zot:4    | Identified the +3 double sword of Somewhere Else {flame,
                  | rPois Int-5 SInv}
 58429 | Zot:4    | 58429 ||| INVOKING Heroism.
 58431 | Zot:4    | 58431 ||| Stepping ~*~*~tactically~*~*~ (hiding).
 58432 | Zot:4    | 58432 ||| Stepping ~*~*~tactically~*~*~ (hiding).
 58759 | Zot:4    | 58759 ||| PLANNING SLIME:5
 58759 | Zot:4    | 58759 ||| REMOVING amulet of the Four Winds {rN+ Will+++
                  | Clar}.
 58764 | Zot:4    | 58764 ||| UPGRADING to +0 acid dragon scales.
 58774 | Zot:4    | 58774 ||| UPGRADING to +2 helmet.
 58784 | Zot:4    | 58784 ||| UPGRADING to amulet of reflection.
 59253 | Slime:1  | Entered Level 1 of the Pits of Slime
 59262 | Slime:1  | Received a gift from Okawaru
 59294 | Slime:2  | 59294 ||| STAIRDANCE
 59301 | Slime:2  | 59301 ||| STAIRDANCE
 59335 | Slime:2  | 59335 ||| STAIRDANCE
 59381 | Slime:2  | 59381 ||| STAIRDANCE
 59390 | Slime:2  | 59390 ||| STAIRDANCE
 59396 | Slime:2  | 59396 ||| STAIRDANCE
 59560 | Slime:4  | Gained mutation: You are frail. (-10% HP) [a shining eye]
 59561 | Slime:4  | 59561 ||| STAIRDANCE
 59566 | Slime:3  | 59566 ||| DRINKING 13 potions of mutation.
 59566 | Slime:3  | Lost mutation: You expend magic power (3 MP) to strengthen
                  | your wands. [potion of mutation]
 59566 | Slime:3  | Lost mutation: You occasionally shout uncontrollably at
                  | your foes. [potion of mutation]
 59566 | Slime:3  | Gained mutation: You are agile. (Dex +4, Str/Int -1)
                  | [potion of mutation]
 59566 | Slime:3  | Gained mutation: You occasionally lose the ability to drink
                  | potions when taking damage. [potion of mutation]
 59567 | Slime:3  | 59567 ||| DRINKING 12 potions of mutation.
 59567 | Slime:3  | Lost mutation: You are weak. (Str -2) [potion of mutation]
 59567 | Slime:3  | Lost mutation: You occasionally lose the ability to drink
                  | potions when taking damage. [potion of mutation]
 59567 | Slime:3  | Lost mutation: You are agile. (Dex +4, Str/Int -1) [potion
                  | of mutation]
 59567 | Slime:3  | Gained mutation: Your spells are a little easier to cast,
                  | but a little less powerful. [potion of mutation]
 59567 | Slime:3  | Gained mutation: Your body sometimes deteriorates upon
                  | taking damage. [potion of mutation]
 59568 | Slime:3  | 59568 ||| DRINKING 11 potions of mutation.
 59568 | Slime:3  | Lost mutation: Your body sometimes deteriorates upon taking
                  | damage. [potion of mutation]
 59568 | Slime:3  | Lost mutation: You are frail. (-10% HP) [potion of
                  | mutation]
 59568 | Slime:3  | Gained mutation: Your movements are slightly less
                  | encumbered by armour. (ER -2) [potion of mutation]
 59568 | Slime:3  | Gained mutation: You are partially covered in iridescent
                  | scales. (AC +2) [potion of mutation]
 59608 | Slime:4  | 59608 ||| STAIRDANCE
 59648 | Slime:5  | Entered Level 5 of the Pits of Slime
 59671 | Slime:5  | 59671 ||| INVOKING Heroism.
 59674 | Slime:5  | Noticed the Royal Jelly
 59691 | Slime:5  | HP: 48/193 [acid (1)]
 59692 | Slime:5  | 59692 ||| DRINKING 2 potions of cancellation.
 59694 | Slime:5  | 59694 ||| READING 6 scrolls of teleportation.
 59695 | Slime:5  | 59695 ||| DRINKING potion of heal wounds.
 59696 | Slime:5  | HP: 46/193 [acid (2)]
 59696 | Slime:5  | Killed the Royal Jelly
 59696 | Slime:5  | HP: 17/193 [azure jelly[the Royal Jelly] (19)]
 59697 | Slime:5  | Reached skill level 12 in Dodging
 59697 | Slime:5  | HP: 8/193 [acid blob (2)]
 59698 | Slime:5  | HP: 3/193 [acid blob (2)]
 59699 | Slime:5  | HP: 1/193 [acid blob (2)]
 59699 | Slime:5  | Paralysed by a great orb of eyes for 5 turns
 59749 | Slime:5  | 59749 ||| READING 5 scrolls of teleportation.
 59750 | Slime:5  | 59750 ||| INVOKING Heroism.
 59753 | Slime:5  | 59753 ||| READING 4 scrolls of teleportation.
 59755 | Slime:5  | HP: 28/193 [acid (2)]
 59759 | Slime:5  | 59759 ||| READING 3 scrolls of teleportation.
 59761 | Slime:5  | HP: 16/193 [acid (2)]
 59772 | Slime:5  | 59772 ||| READING 2 scrolls of teleportation.
 59780 | Slime:5  | 59780 ||| READING scroll of teleportation.
 59788 | Slime:5  | HP: 12/193 [acid blob/splash of acid (15)]
 59792 | Slime:5  | Paralysed by a great orb of eyes for 4 turns
 59795 | Slime:5  | HP: 3/193 [great orb of eyes (11)]
 59797 | Slime:5  | HP: 1/193 [acid (2)]
 59798 | Slime:5  | Splashed by an acid blob's acid

Levels and vault maps discovered:
D:1:      spicycebolla_arrival_risky_transporter, layout_basic,
          hangedman_decor_push
D:2:      layout_loops_ring, st_stairs_10, uniq_terence
D:3:      layout_loops_ring, mainiacjoe_overflow_paths, serial_shops,
          nicolae_shop_waterfront, nicolae_shop_industrial_runoff,
          nicolae_shop_pleasant_corner_grove
D:4:      layout_rooms, minmay_temple_entry_ruins, uniq_menkaure, uniq_duvessa,
          uniq_natasha
D:5:      layout_basic, uniq_prince_ribbit1
D:6:      layout_basic, chequers_garden, fountainhead, minivault_14
D:7:      layout_cave_pods, serial_shops, shop, hellmonk_bongcloud_opening
D:8:      layout_basic, uniq_psyche
D:9:      layout_big_octagon, minmay_overflow_temple_hex,
          minmay_orc_entry_temple_small, grunt_ministairs_15, feat_on_display,
          uniq_maggie, uniq_grum
D:10:     layout_cave_pools, dpeg_lair_monsters, uniq_maurice, uniq_josephine
D:11:     layout_gridville, serial_shops, shop
D:12:     layout_loops_ring, st_stairs_11
D:13:     layout_roguey, erik_vaults_1, nicolae_benzene_ring, uniq_lodul,
          uniq_frances
D:14:     layout_long_grid, fiery_altar_vehumet, gauntlet_entry_generic
D:15:     hangedman_depths_entry_civil_slaughter, layout_small_grid,
          bh_walls_and_bars, nicolae_looking_at_the_future
Lair:1:   layout_gridlike, grunt_megastairs_5
Lair:2:   layout_roguey, nicolae_swamp_entry_splash_gauntlet,
          infiniplex_staircase_pool
Lair:3:   nzn_winding_woodlands_cross [nzn_winding_woodlands_5x15_twine,
          nzn_winding_woodlands_5x15_pockets,
          nzn_winding_woodlands_5x15_split_checker,
          nzn_winding_woodlands_5x15_sawtooth,
          nzn_winding_woodlands_15x15_thick_spiral], layout_loops_ring,
          nicolae_spider_entry_tight_spaces, special_room
          [special_room_mythical_zoo], kennysheep_snail_temple
Lair:4:   layout_cave_shapes, uniq_urug
Lair:5:   hangedman_lair_caniforms_friends, layout_cave_pods,
          nicolae_slime_entry_field_trip, nicolae_volcano_entry_two_sided,
          minmay_hedge_maze
Swamp:1:  layout_basic_swamp, evilmike_swamp_ruin_house_4, swamp_pool2,
          nicolae_swamp_big_swirl, uniq_aizul, uniq_mlioglotl, uniq_nikola
Swamp:2:  layout_basic_swamp, serial_swamp_ruin, evilmike_swamp_ruin_house_3,
          evilmike_swamp_ruin_house_2, evilmike_swamp_ruin_rubble_2,
          swamp_pool1, uniq_kirke
Swamp:3:  nicolae_swamp_standing_stones, layout_falls_marsh,
          evilmike_swamp_ruin_rubble_1
Swamp:4:  byrel_swamp_growth_death_and_undeath, layout_basic_swamp, swamp_pool2
Spider:1: layout_spider_delve, nicolae_spider_undead_wolf_pack
Spider:2: mumra_spider_spiderweb, drop_trap, nicolae_crawler_farm
Spider:3: layout_spider_delve
Spider:4: johnstein_spider_rune_arachne_lair, nicolae_spider_webs_and_nodes,
          uniq_louise
Slime:1:  layout_caves
Slime:2:  layout_caves, nicolae_slime_crime_time
Slime:3:  cheibrodos_slime_lost_civilization_8, layout_caves
Slime:4:  layout_caves
Slime:5
Orc:1:    layout_caves, serial_shops, shop_coins
Orc:2:    st_orc_open, layout_diamond_mine
Vaults:1: v_rooms_2, vaults_room_fancy_cross, nicolae_vaults_trapezoid_2,
          nicolae_vaults_network_quincunx
          [nicolae_vaults_network_quincunx_subvault,
          nicolae_vaults_network_quincunx_subvault,
          nicolae_vaults_network_quincunx_subvault,
          nicolae_vaults_network_quincunx_subvault,
          nicolae_vaults_network_quincunx_subvault], v_rooms_3, v_misc_31,
          nicolae_vaults_oval_intersection, vaults_room_guarded_vault,
          vaults_room_stairs_pillars, hangedman_vaults_hat,
          nicolae_vaults_little_squares_6, nicolae_vaults_closet_pinwheel_1,
          hangedman_vaults_stretched_pinwheel, nicolae_vaults_tetromino_L_2,
          vaults_dpeg_ring, grunt_vaults_hallway_short,
          nicolae_vaults_tetromino_T_1, layout_vaults_omnicross, serial_shops,
          shop
Vaults:2: vaults_mumra_bighexcomb, dpeg_vaults_monster_box, v_rooms_5,
          ontoclasm_vaults_bender, v_misc_1, minmay_crypt_entry_vampire_xt,
          nicolae_vaults_big_angled_halls, vaults_room_door_ring,
          hangedman_vaults_maws, nicolae_vaults_tetromino_L_2,
          nicolae_vaults_weapon_check, ontoclasm_vaults_spin,
          nicolae_vaults_double_plus_1, ontoclasm_vaults_misaligned,
          nicolae_vaults_tetromino_L_2, nicolae_vaults_storage_room_statues,
          nicolae_vaults_trapezoid_2, nicolae_vaults_trapezoid_lopsided_1,
          layout_vaults_omnibox, uniq_jory, uniq_bai_suzhen
Vaults:3: v_misc_2, nicolae_vaults_library_corner, nicolae_vaults_specimen_jars,
          nicolae_vaults_tetromino_T_2, v_misc_19, vaults_room_corners,
          ontoclasm_vaults_tryst, vaults_room_grid,
          nicolae_vaults_taking_the_gang_shopping, v_misc_8,
          vaults_dpeg_emergency_exit, layout_vaults_ring
Vaults:4: nicolae_vaults_meiosis, vaults_room_large_hall, v_misc_9,
          nicolae_vaults_yaktaur_gun_rack, nicolae_vaults_apartment_1,
          grunt_vaults_trifunnel, nicolae_vaults_circle_grid_b,
          ontoclasm_vaults_eye, nicolae_vaults_surprise_closet,
          layout_vaults_chaotic_city, uniq_zenata, uniq_sojobo
Vaults:5
Depths:1: layout_honeycomb, grunt_metal_band, serial_bayou,
          serial_bayou_lagoon_a, serial_bayou_pond_e, serial_bayou_shore_a,
          serial_bayou_pond_b, hangedman_stitches_earthworm
Depths:2: dreamdust_merry_men, layout_cave_shapes, enter_ziggurat_d, hell_entry,
          abyss_entry, pan_entry, minmay_holes,
          nicolae_kikubaaqudgha_miasma_corner
Depths:3: nicolae_fronds_of_death, layout_gridlike, mu_enter_wizlab_2,
          hell_entry, hangedman_ru_absence, marbit_kobold_abyss_entry
Depths:4: lemuel_castle_with_subvaults [lemuel_castle_interior_carwin_1],
          layout_gridlike, hell_entry, serial_sigils,
          serial_sigils_hangedman_scar, serial_sigils_hangedman_writhe,
          serial_sigils_hangedman_clutch, serial_sigils_hangedman_gnaw,
          serial_sigils_hangedman_scratch, grunt_decor_arrowhead, abyss_entry
Zot:1:    layout_gridville
Zot:2:    layout_onion_interference
Zot:3:    lemuel_firehouse, layout_onion_interference,
          ebering_ghost_disaster_area
Zot:4:    minmay_elemental_castle, layout_gridlike, nicolae_rock_paper_scissors,
          uniq_josephina

Skill      XL: |  1  2  3  4  5  6  7  8  9 10 11 12 13 14 15 16 17 18 19 20 21 22 23 24 25 26 |
---------------+-------------------------------------------------------------------------------+-----
Axes           | 2 3 5 6 7 9 10 11 12 14 15 16 | 16.0
Fighting       | 5 6 7 8 10 11 12 15 16 18 19 20 22 24 26 27 | 27.0
Invocations    | 3 4 8 10 11 | 11.6
Shields        | 5 8 11 12 13 14 15 16 17 18 19 20 21 22 | 22.0
Armour         | 4 5 6 7 8 9 10 12 13 15 16 18 19 20 21 22 | 22.0
Dodging        | 1 2 3 4 5 6 9 10 12 | 12.4
Throwing       | 1 3 4 6 7 8 10 11 12 13 15 | 15.2

Action                     |  1- 3 |  4- 6 |  7- 9 | 10-12 | 13-15 | 16-18 | 19-21 | 22-24 | 25-27 || total
---------------------------+-------+-------+-------+-------+-------+-------+-------+-------+-------++-------
  Melee: War axe           |    48 |    83 |   116 |   279 |   619 |   712 |   806 |   999 |   672 ||  4334
         Morningstar       |       |       |       |     4 |    36 |    13 |       |       |       ||    53
  Throw: Boomerang         |     7 |    44 |    50 |    76 |    45 |    37 |    25 |     8 |       ||   292
         Javelin           |       |       |       |       |   139 |   237 |   189 |   128 |    89 ||   782
 Invoke: Heroism           |       |     1 |    11 |    20 |    23 |    38 |    22 |    42 |    26 ||   183
         Finesse           |       |       |       |     1 |     4 |     5 |     8 |     4 |       ||    22
    Use: Scroll            |     5 |     5 |    12 |    10 |     4 |     6 |     2 |    10 |    11 ||    65
         Potion            |       |     1 |     2 |     1 |     4 |     2 |     2 |     5 |    10 ||    27
   Stab: Distracted        |       |       |       |       |    12 |    16 |     7 |    22 |    25 ||    82
         Invisible         |       |       |       |       |       |     3 |     4 |     8 |     2 ||    17
 Armour: Scale mail        |    18 |    22 |       |       |       |       |       |       |       ||    40
         Chain mail        |       |    41 |       |       |       |       |       |       |       ||    41
         Plate armour      |       |       |    58 |   181 |   173 |   189 |   154 |   203 |       ||   958
         Gold dragon scale |       |       |       |       |       |       |       |    12 |   170 ||   182
         Acid dragon scale |       |       |       |       |       |       |       |       |    39 ||    39
  Dodge: Dodged            |    19 |    35 |    29 |    74 |   102 |   182 |   193 |   322 |   283 ||  1239
         Repelled          |       |       |       |       |     1 |       |       |       |       ||     1
  Block: Buckler           |    12 |    16 |       |       |       |       |       |       |       ||    28
         Tower shield      |       |       |   110 |   365 |   635 |   599 |   636 |   766 |   543 ||  3654
         Reflection        |       |       |       |    15 |    30 |    26 |    70 |    20 |     4 ||   165

Table legend:
 A = Non-vault XP
 B = Vault XP
 C = Vault XP percentage of total XP
 D = Non-vault monster count
 E = Vault monster count
 F = Vault count percentage of total count
                 A         B        C        D         E       F
            +---------+---------+-------+---------+---------+-------
      Total |  663349 |  550969 |  45.4 |    1279 |     807 |  38.7
            +---------+---------+-------+---------+---------+-------
        D:1 |      42 |       0 |   0.0 |      17 |       0 |   0.0
        D:2 |      57 |      42 |  42.4 |      20 |       4 |  16.7
        D:3 |     138 |       0 |   0.0 |      12 |       0 |   0.0
        D:4 |     115 |     411 |  78.1 |       6 |       4 |  40.0
        D:5 |     450 |     296 |  39.7 |      13 |       1 |   7.1
        D:6 |     741 |       0 |   0.0 |      20 |       0 |   0.0
        D:7 |    1569 |       0 |   0.0 |      21 |       0 |   0.0
        D:8 |    2053 |     391 |  16.0 |      23 |       1 |   4.2
        D:9 |    1320 |    1876 |  58.7 |      16 |      21 |  56.8
       D:10 |    1787 |    6465 |  78.3 |      27 |      12 |  30.8
       D:11 |    1609 |       0 |   0.0 |       8 |       0 |   0.0
       D:12 |    4601 |     814 |  15.0 |      18 |       3 |  14.3
       D:13 |    1177 |    5325 |  81.9 |       7 |      13 |  65.0
       D:14 |   13326 |       0 |   0.0 |      27 |       0 |   0.0
       D:15 |   15984 |    6378 |  28.5 |      30 |      21 |  41.2
     Lair:1 |    8004 |     186 |   2.3 |      30 |       2 |   6.2
     Lair:2 |    5506 |    1077 |  16.4 |      22 |       4 |  15.4
     Lair:3 |    4851 |   14925 |  75.5 |      20 |      51 |  71.8
     Lair:4 |    8863 |     790 |   8.2 |      30 |       1 |   3.2
     Lair:5 |   18728 |   10740 |  36.4 |      48 |      59 |  55.1
    Swamp:1 |   10699 |    4937 |  31.6 |      21 |       3 |  12.5
    Swamp:2 |    5833 |    2019 |  25.7 |      14 |       4 |  22.2
    Swamp:3 |   11275 |    4251 |  27.4 |      22 |       6 |  21.4
    Swamp:4 |    8101 |   23099 |  74.0 |      17 |      44 |  72.1
   Spider:1 |    9728 |    7589 |  43.8 |      19 |      16 |  45.7
   Spider:2 |   11503 |   10261 |  47.1 |      33 |      38 |  53.5
   Spider:3 |   25332 |       0 |   0.0 |      57 |       0 |   0.0
   Spider:4 |   13583 |   26309 |  66.0 |      28 |      48 |  63.2
    Slime:1 |   14128 |     699 |   4.7 |      30 |       2 |   6.2
    Slime:2 |    5032 |     215 |   4.1 |       9 |       1 |  10.0
    Slime:3 |    4845 |       0 |   0.0 |      15 |       0 |   0.0
    Slime:4 |    1251 |       0 |   0.0 |       4 |       0 |   0.0
    Slime:5 |    7000 |   17554 |  71.5 |      17 |       9 |  34.6
      Orc:1 |     991 |       0 |   0.0 |      13 |       0 |   0.0
      Orc:2 |    3611 |   14798 |  80.4 |      49 |      37 |  43.0
   Vaults:1 |   24645 |   29096 |  54.1 |      41 |      39 |  48.8
   Vaults:2 |   41617 |   31446 |  43.0 |      57 |      37 |  39.4
   Vaults:3 |   30877 |   14424 |  31.8 |      51 |      18 |  26.1
   Vaults:4 |   33325 |   24826 |  42.7 |      52 |      25 |  32.5
   Vaults:5 |   26133 |  100556 |  79.4 |      45 |      94 |  67.6
   Depths:1 |   37102 |   17580 |  32.1 |      48 |      24 |  33.3
   Depths:2 |   14817 |    9502 |  39.1 |      15 |       9 |  37.5
   Depths:3 |   38346 |   55907 |  59.3 |      43 |      41 |  48.8
   Depths:4 |   26217 |   61446 |  70.1 |      27 |      53 |  66.2
      Zot:1 |   61469 |       0 |   0.0 |      51 |       0 |   0.0
      Zot:2 |   47290 |       0 |   0.0 |      38 |       0 |   0.0
      Zot:3 |   26888 |    9384 |  25.9 |      23 |      30 |  56.6
      Zot:4 |   30790 |   27837 |  47.5 |      25 |      22 |  46.8
   Gauntlet |       0 |    7518 | 100.0 |       0 |      10 | 100.0
            +---------+---------+-------+---------+---------+-------
